Workbook
Name _Print_Area: '15PopDesserte'!$A$1:$K$8

Sheet Couverture
A1: ENQUETE DE BASE POUR LA MISE EN PLACE DU FINANCEMENT BASÉ SUR LES PERFORMANCES - SANTÉ | O1: IDENTIFICATION
A2: HAITI | O2: NUMÉRO DE L'AIRE DE DESSERTE | R2: NUMÉRO DU QUESTIONNAIRE F1
A3: 2015
A5: QUESTIONNAIRE DESTINE AUX ETABLISSEMENTS DE SANTE
A6: F1: QUESTIONNAIRE D'ÉVALUATION DES ETABLISSEMENTS DE SANTE
A8: SITUATION GÉOGRAPHIQUE
A10: Département | H10: Arrondissement | O10: Commune
A12: Section Communale | H12: Localité
B13: NOM DE L'ETABLISSEMENT DE SANTE: | N13: CODE DE L'ETABLISSEMENT DE SANTE :
B15: COORDONNEES GPS DE LA FORMATION SANITAIRE
C17: LATITUDE (NORD): | J17: .
C19: LONGITUDE (EST): | J19: .
C22: EMPLACEMENT | G22: URBAIN | I22: 1
G23: RURAL | I23: 2
A25: VISITES DES INSTITUTIONS SANITAIRES
A27: NOM DE L'ENQUÊTEUR: | N27: CODE:
A29: VISITE N° 1: | C29: JOUR | E29: MOIS | G29: ANNÉE | N29: QUESTIONNAIRE :
N30: ENTIEREMENT REMPLI | U30: 1
N31: PARTIELLEMENT REMPLI | U31: 2
A32: VISITE N° 2: | C32: JOUR | E32: MOIS | G32: ANNÉE | N32: LE RESPONSABLE A REFUSÉ L'ENTREVUE | U32: 3
N33: LE RESPONSABLE EST ABSENT ( LE PERSONNEL PRESENT N'EST PAS AUTORISÉ) | U33: 4
N34: LA FORMATION SANITAIRE EST VIDE (AUCUN MEMBRE DU PERSONNEL N'EST PRESENT) | U34: 5
A35: VISITE N° 3: | C35: JOUR | E35: MOIS | G35: ANNÉE | N35: AUTRE, PRÉCISER: _______________________ | U35: 7
A38: LANGUE UTILISEE
A40: ... PAR L'ENQUETEUR ? | G40: FRANÇAIS | L40: 1 | N40: TRADUCTEUR UTILISÉ?
G41: CREOLE | L41: 2
G42: AUTRE, PRÉCISER: | L42: 3 | N42: JAMAIS | R42: 1
A43: ... PAR LA PERSONNE INTERROGEE | N43: PARFOIS | R43: 2
N44: TOUJOURS | R44: 3
A46: CONSENTEMENT ECLAIRE, A RECUEILLIR AVANT LE DEBUT DE L'ENTREVUE
A47: L'ENQUETEUR DIT: Bonjour! Je m'appelle _______ , je travaille pour un projet de l'USAID qui appuie le Ministère de la Santé Publique et de la Population dans le renforcement des services de santé. Le Ministère de la santé nous a demandé de mener une enquête portant sur les institutions sanitaires en Haiti. Nous voulons déterminer le niveau général et la qualité des services de santé dans les institutions sanitaires d'Haiti. Si vous acceptez de de prendre part à cet exercice, votre confidentialité sera assurée. Les informations que vous allez fournir sont d'une importance capitale pour le Ministère de la Santé Publique et de la Population qui s'en servira pour améliorer les services de santé en Haiti. Voulez-vous prendre part à l'enquête aujourd'hui?
F52: OUI | H52: 1
F53: NON | H53: 2
A55: VERIFICATION DU QUESTIONNAIRE PAR LE SUPERVISEUR
K57: JOUR | M57: MOIS | O57: ANNÉE
A58: NOM : | G58: CODE:
A61: CETTE PAGE A ÉTÉ DÉLIBÉRÉMENT LAISSEE VIDE

Sheet 1General
A1: =-1 -> -1 | B1: Informations générales
A2: (A) | B2: Généralités | H2: NOTER LA RÉPONSE
A3: PERSONNE INTERROGÉE : RESPONSABLE DE L'ÉTABLISSEMENT DE SANTÉ OU SON ADJOINT SI ABSENT OU INDISPONIBLE
A4: =A1-0.01 -> -1.01 | B4: Cet établissement est-il sous votre responsabilité aujourd'hui ? | C4: OUI | E4: 1
C5: NON | E5: 2
A6: =A4-0.01 -> -1.02 | B6: Êtes-vous habilité à représenter cet établissement ? | C6: OUI | E6: 1
C7: NON | E7: 2
A8: =A6-0.01 -> -1.03 | B8: Quel est l'intitulé de votre poste dans cet établissement ? | C8: Directeur d'Institution / Administrateur | E8: 1
C9: Directeur médical | E9: 2
C10: Médecin Généraliste | E10: 3
C11: Médecin spécialiste | E11: 4
C12: Pharmacien | E12: 5
C13: Technicien de laboratoire | E13: 6
C14: Infirmière Sage-Femme | E14: 7
C15: Infirmière | E15: 8
C16: Auxiliaire-Infirmiere / Auxiliaire | E16: 9
C17: Autre, Specifier | E17: 96
A19: =A8-0.01 -> -1.04 | B19: Cet établissement est-il un HCR (Hopital Communautaire de Référence), un centre de santé avec lit (CAL), un centre de santé sans lit (CSL), ou un dispensaire ? | C19: Hôpital Communautaire de Référence (HCR) | E19: 1
C20: Centre de santé avec lit (CAL) | E20: 2
C21: Centre de santé sans lit (CSL) | E21: 3
C22: Dispensaire | E22: 4
C23: Autre, spécifier: | E23: 96
A24: =A19-0.01 -> -1.05 | B24: À qui appartient cet établissement de santé ? | C24: Secteur public (MSPP) | E24: 1
C25: Structure commerciale privée | E25: 2
C26: Organisation non gouvernementale | E26: 3
C27: Mission/organisme confessionnel | E27: 4
C28: Autre, spécifier: | E28: 96
A29: =A24-0.01 -> -1.06 | B29: En quelle année l'établissement a-t-il été achevé ? ENQUÊTEUR : NOTER L'ANNÉE AU FORMAT AAAA (ex.: 1941).
A30: =A29-0.01 -> -1.07 | B30: À quand remonte le dernier investissement important réalisé dans les infrastructures ? ENQUÊTEUR : NOTER LE MOIS ET L'ANNÉE. COMPTER LES GROS TRAVAUX DE PEINTURE, LA PLOMBERIE, LES TRAVAUX D'AGRANDISSEMENT, ETC. | C30: a. | D30: MOIS MM
C31: b. | D31: ANNÉE a-t-ilA
D32: SI LE DERNIER INVESTISSEMENT REMONTE À PLUS D'UN AN, NE NOTER QUE L'ANNÉE
A33: =A30-0.01 -> -1.08 | B33: Cet établissement dispense-t-il des soins 24h/24 ? | C33: OUI / OFFICIELLEMENT | E33: 1 | F33: ► | G33: =A44 -> -1.11
C34: OUI / DANS LA PRATIQUE | E34: 2 | F34: ► | G34: =A44 -> -1.11
C35: NON | E35: 3
A36: =A33-0.01 -> -1.09 | B36: À quelle heure commencent les consultations externes ? | C36: a. | D36: Semaine
B37: ENQUÊTEUR : NOTER L'HEURE AU FORMAT À 4 CHIFFRES (EX. : 0700, 1900, ETC.) | C37: b. | D37: Samedi
C38: c. | D38: Dimanche
C39: d. | D39: Vacances
A40: =A36-0.01 -> -1.1 | B40: À quelle heure se terminent les consultations externes ? | C40: a. | D40: Semaine
B41: ENQUÊTEUR : NOTER L'HEURE AU FORMAT À 4 CHIFFRES (EX. : 0700, 1900, ETC.) | C41: b. | D41: Samedi
C42: c. | D42: Dimanche
C43: d. | D43: Vacances
A44: =A40-0.01 -> -1.11 | B44: Quels jours de la semaine l'établissement propose-t-il des consultations prénatales, et pendant combien d'heures ces jours-là ? | C44: a. | D44: Lundi
C45: b. | D45: Mardi
C46: c. | D46: Mercredi
B47: ENQUÊTEUR : POUR CHAQUE JOUR, NOTER LE NOMBRE D'HEURES OÙ CES CONSULTATIONS SONT OUVERTES. LES JOURS OÙ IL N'Y EN A PAS, NOTER "00" | C47: d. | D47: Jeudi
C48: e. | D48: Vendredi
C49: f. | D49: Samedi
C50: g. | D50: Dimanche
A51: =A44-0.01 -> -1.12 | B51: Quels jours de la semaine l'établissement propose-t-il des consultations pédiatriques pour les enfants de moins de 5 ans, et pendant combien d'heures ces jours-là ? | C51: a. | D51: Lundi
C52: b. | D52: Mardi
C53: c. | D53: Mercredi
B54: ENQUÊTEUR : POUR CHAQUE JOUR, NOTER LE NOMBRE D'HEURES OÙ CES CONSULTATIONS SONT OUVERTES. LES JOURS OÙ IL N'Y EN A PAS, NOTER "00" | C54: d. | D54: Jeudi
C55: e. | D55: Vendredi
C56: f. | D56: Samedi
C57: g. | D57: Dimanche
A58: =A51-0.01 -> -1.13 | B58: À quelle distance cet établissement se trouve-t-il de l'établissement de santé du niveau supérieur le plus proche, en temps de marche (trajet aller) ? | C58: En Minutes et Heures
A59: =A58-0.01 -> -1.14 | B59: Quelles sont les trois principales sources de financement (dans le sens "rentrées d'argent") de cet établissement ? | C59: a. | D59: MINISTÈRE DE LA SANTÉ / SERVICES DE SANTÉ DU DIRECTION SANITAIRE
C60: b. | D60: FRAIS PAYÉS PAR LES PATIENTS
C61: c. | D61: VENTES DE MÉDICAMENTS
B62: ENQUÊTEUR : NE PAS LIRE À HAUTE VOIX LES RÉPONSES POSSIBLES. POUR CHACUNE DES 3 PRINCIPALES SOURCES DE FINANCEMENT CITÉES PAR LA PERSONNE (ET 3 SEULEMENT), NOTER "1" SUR LA LIGNE CORRESPONDANTE. NOTER "2" POUR LES AUTRES. AUCUNE CASE NE DOIT RESTER VIDE. | C62: d. | D62: ORGANISME CONFESSIONNEL
C63: e. | D63: SOCIÉTÉ PRIVÉE
C64: f. | D64: ONG
C65: g. | D65: BAILLEUR DE FOND
C66: h. | D66: AUTRE, PRÉCISER :
A67: =A59-0.01 -> -1.15 | B67: Pouvez-vous m'indiquer le montant reçu de chacune des sources suivantes en [DERNIÈRE ANNÉE CIVILE] en gourdes ? | C67: a. | D67: MINISTÈRE DE LA SANTÉ / SERVICES DE SANTÉ DU DISTRICT
C68: b. | D68: FRAIS PAYÉS PAR LES PATIENTS
C69: c. | D69: VENTES DE MÉDICAMENTS
C70: d. | D70: ORGANISME CONFESSIONNELS
B71: ENQUÊTEUR : POUR CHAQUE SOURCE (PAS SEULEMENT LES 3 PRINCIPALES), NOTER LE MONTANT REÇU EN GOURDES. POUR ZÉRO, NOTER "0000". | C71: e. | D71: SOCIÉTÉ PRIVÉE
C72: f. | D72: ONG
C73: g. | D73: BAILLEUR DE FOND
C74: h. | D74: NE SAIT PAS :
C75: i. | D75: AUTRE, PRÉCISER
A76: =A67-0.01 -> -1.16 | B76: "Pouvez-vous m'indiquer le montant recu l'annee passee en gourdes ? Confirmer que le montant total indiqué soit conforme au montant de la question 1.15. Si non, ajuster jusqu'à obtenir un montant correspondant. SI ZERO, alors mettez '0000'. | C76: GOURDES
A77: =A76-0.01 -> -1.17 | B77: ENQUÊTEUR : SOURCE D'INFORMATION CONSULTÉE POUR OBTENIR LES CHIFFRES DU BUDGET. Enqueteur: | C77: RAPPORT FINANCIER | E77: 1
C78: DOSSIERS DE L'ÉTABLISSEMENT | E78: 2
C79: PAS DE SOURCE : INFORMATION ORALE | E79: 3
C80: AUTRE, PRÉCISER : | E80: 96
A81: =A77-0.01 -> -1.18 | B81: « Pouvez-vous m'indiquer si l'établissement a versé des primes de résultats et autres en [DERNIÈRE ANNÉE FISCALE], en plus des salaires/indemnités normales ? » | C81: OUI | E81: 1
C82: NON | E82: 2 | F82: ► | G82: =A88 -> -1.21
A83: =A81-0.01 -> -1.19 | B83: Quel montant l'établissement a-t-il versé au personnel à titre de primes de résultats ou de compléments de salaire en [DERNIÈRE ANNÉE CIVILE] en monnaie ? | C83: GOURDES
A84: =A83-0.01 -> -1.2 | B84: ENQUÊTEUR : SOURCE D'INFORMATION CONSULTÉE POUR OBTENIR LES CHIFFRES DES DÉPENSES DE LA PRIME (FBR OU AUTRE) | C84: SYSTÈME DE SUIVI DU DISPOSITIF DE FINANCEMENT BASÉ SUR LES RÉSULTATS | E84: 1
C85: AUTRES DOSSIERS DE L'ÉTABLISSEMENT | E85: 2
C86: PAS DE SOURCE : INFORMATION ORALE | E86: 3
C87: AUTRE, PRÉCISER : | E87: 96
A88: =A84-0.01 -> -1.21 | B88: Quelle est la principale source d'électricité ? | C88: Réseau électrique (EDH) | E88: 1
C89: Groupe électrogène | E89: 2
C90: Énergie solaire | E90: 3
C91: Pas de source d'électricité | E91: 4
C92: Autre, préciser : | E92: 96
A93: =A88-0.01 -> -1.22 | B93: Au cours des 7 derniers jours, y a-t-il eu des coupures de courant ? | C93: OUI | E93: 1
C94: NON | E94: 2 | F94: ► | G94: =A96 -> -1.24
A95: =A93-0.01 -> -1.23 | B95: Au cours des 7 derniers jours, pendant combien d'heures l'établissement a-t-il été privé d'électricité ? | C95: 168 HEURES MAXIMUM
A96: =A95-0.01 -> -1.24 | B96: Quelle est la principale source d'alimentation en eau ? | C96: Eau courante dans le bâtiment | E96: 1 | J96: METTRE
C97: Canalisation d'eau dans la cour/sur le terrain | E97: 2
C98: Robinet public/borne-fontaine | E98: 3
C99: Puits protégé | E99: 4
C100: Puits non protégé | E100: 5
C101: Source protégée | E101: 6
...

Sheet 2Admin
A1: =-2 -> -2 | B1: Administration et gestion | H1: NOTER LA RÉPONSE
A2: PERSONNE INTERROGÉE : RESPONSABLE DE L'ÉTABLISSEMENT DE SANTÉ OU SON ADJOINT SI ABSENT OU INDISPONIBLE
A3: =A1-0.01 -> -2.01 | B3: Y a-t-il un comité de gestion du HCR/centre de santé/Dispensaire pour cet établissement ? | C3: OUI | E3: 1
C4: NON | E4: 2 | F4: ► | G4: =A41 -> -2.08
A5: =A3-0.01 -> -2.02 | B5: Combien de membres y a-t-il dans ce comité ?
A6: =A5-0.01 -> -2.03 | B6: Quels groupes, parmi les suivants, sont représentés dans ce comité ? | C6: a. | D6: Direction de l'établissement
C7: b. | D7: Personnel de l'établissement
B8: ENQUÊTEUR : LIRE À HAUTE VOIX LES RÉPONSES POSSIBLES. POUR CHACUNE D'ELLES, NOTER "1" POUR OUI, "2" POUR NON. | C8: c. | D8: Comités sanitaires de quartier
C9: d. | D9: Agents de santé communautaires
C10: e. | D10: Ministère de la Santé / Services de Santé du departement
C11: f. | D11: Organisations non gouvernementales
C12: g. | D12: Autre, préciser :
A13: =A6-0.01 -> -2.04 | B13: Au cours des 12 derniers mois, combien de réunions du comité de direction de l'hôpital/centre de santé ont eu lieu ?
A14: =A13-0.01 -> -2.05 | B14: L'établissement conserve-t-il des archives sur les réunions du comité de gestion (procès-verbaux, décisions, etc.) ? | C14: OUI, VUE | E14: 1
C15: OUI, PAS VUE | E15: 2
C16: NON | E16: 3
A17: =A14-0.01 -> -2.06 | B17: Quelles initiatives ont été prises par le comité de direction et mises en œuvre au cours des 12 derniers mois ? | C17: a. | D17: A FOURNI UN APPUI ADMINISTRATIF À L'ÉTABLISSEMENT, PAR EX. APPROBATION DE PAIEMENTS
C18: b. | D18: A PROCURÉ DE NOUVELLES FOURNITURES OU MATÉRIELS
C19: c. | D19: A FOURNI DE NOUVELLES INFRASTRUCTURES
C20: d. | D20: A FAIT DES TRAVAUX DE RÉPARATIONS
B21: ENQUÊTEUR : NE PAS LIRE À HAUTE VOIX LES RÉPONSES POSSIBLES. NOTER "1" POUR CHAQUE RÉPONSE CITÉE, "2" POUR CHAQUE RÉPONSE NON CITÉE. | C21: e. | D21: A FOURNI DES MÉDICAMENTS
C22: f. | D22: A SENSIBILISÉ / ENCOURAGÉ LA POPULATION À UTILISER L'ÉTABLISSEMENT
C23: g. | D23: A FOURNI DES MOYENS DE TRANSPORT PERMETTANT AU PERSONNEL DE FAIRE DES VISITES À DOMICILE
C24: h. | D24: A DONNÉ DES CONTRIBUTIONS EN NATURE
C25: i. | D25: A AMÉLIORÉ LA SÉCURITÉ DE L'ÉTABLISSEMENT
C26: j. | D26: A AMÉLIORÉ LA QUALITÉ DE L'EAU
C27: k. | D27: A AMÉLIORÉ L'ALIMENTATION EN EAU (QUANTITÉ)
C28: l. | D28: A FINANCÉ DES FORMATIONS POUR LES AGENTS DE SANTÉ COMMUNAUTAIRES
C29: m. | D29: A FINANCÉ DES ÉQUIPES MOBILES
C30: n. | D30: A VÉRIFIÉ LES RÉSULTATS OBTENUS PAR L'ÉTABLISSEMENT EN MATIÈRE DE SANTÉ MATERNELLE ET INFANTILE
C31: o. | D31: HYGIÈNE DU MILIEU (EX. : DESTRUCTION DES LIEUX DE REPRODUCTION DES MOUSTIQUES)
C32: p. | D32: PULVÉRISATION D'INSECTIDE À EFFET RÉMANENT DANS LES BÂTIMENTS
C33: q. | D33: DÉPISTAGE DE MALADIES
... C37: u. | D37: AUTRE, PRÉCISER :
A38: =A17-0.01 -> -2.07 | B38: Un budget a-t-il été établi pour l'établissement pour l'exercice en cours ? | C38: OUI, VU | E38: 1
C39: OUI, PAS VU | E39: 2
B40: ENQUÊTEUR : DEMANDER À VOIR LE BUDGET. | C40: NON | E40: 3
A41: =A38-0.01 -> -2.08 | B41: Un plan d'activités a-t-il été établi pour l'établissement pour l'exercice en cours ? | C41: OUI, VU | E41: 1
C42: OUI, PAS VU | E42: 2
B43: ENQUÊTEUR : DEMANDER À VOIR LE PLAN D'ACTIVITÉS. | C43: NON | E43: 3 | F43: ► | G43: =A57 -> -2.11
A44: =A41-0.01 -> -2.09 | B44: Qui a participé à l'élaboration de ce plan d'activités ? | C44: a. | D44: Le directeur de l'établissement
C45: b. | D45: Personnel de l'établissement
C46: c. | D46: Personnel d'une Organisation Non Gouvernementale
B47: ENQUÊTEUR : LIRE À HAUTE VOIX LES RÉPONSES POSSIBLES. POUR CHACUNE D'ELLES, NOTER "1" POUR OUI, "2" POUR NON. | C47: d. | D47: Ministère de la Santé / Services de Santé du departement
C48: e. | D48: Comités sanitaires de quartier
C49: f. | D49: Le comité de direction de l'hôpital/centre de santé
C50: g. | D50: La direction de l'institution
C51: h. | D51: Agents de santé communautaires
C52: i. | D52: Des membres de la communauté
C53: j. | D53: Le comité du centre de santé
C54: l. | D54: Autre, spécifier:
A55: =A44-0.01 -> -2.1 | B55: Le plan d'activités pour l'exercice en cours définit-il des priorités sanitaires ? | C55: OUI | E55: 1
C56: NON | E56: 2 | F56: ► | G56: =A70 -> -2.12
A57: =A55-0.01 -> -2.11 | B57: Je vais maintenant vous lire une liste de services. Pour chacun d'eux, vous me direz si le service est prioritaire ou non pour l'exercice en cours. | C57: a. | D57: Soins prénatals
C58: b. | D58: Accouchement en milieu médical
C59: c. | D59: Soins postnatals
C60: d. | D60: Vaccination
B61: ENQUÊTEUR : LIRE À HAUTE VOIX TOUS LES SERVICES INDIQUÉS. POUR CHACUN D'EUX, NOTER "1" POUR OUI/PRIORITAIRE, "2" POUR NON/NON PRIORITAIRE. | C61: e. | D61: Consultations de soins curatifs
C62: f. | D62: Planification familiale/santé reproductive
C63: g. | D63: Nutrition
C64: h. | D64: Prise en charge intégrée des maladies de l'enfant
C65: i. | D65: Paludisme
C66: j. | D66: Tuberculose
C67: k. | D67: VIH/sida
C68: l. | D68: Promotion de la santé et surveillance sanitaire
C69: m. | D69: Autre, spécifier:
A70: =A57-0.01 -> -2.12 | B70: Combien de réunions du personnel de l'établissement de santé ont-eu lieu au cours des 3 derniers mois ?
A71: =A70-0.01 -> -2.13 | B71: Tous les membres du personnel ont-ils une description de poste écrite ? | C71: Tous ont une description de poste | E71: 1
C72: Certains ont une description de poste | E72: 2
C73: Aucun n'a de description de poste | E73: 3
A74: =A71-0.01 -> -2.14 | B74: Au cours des 3 derniers mois, combien de fois le comité de gestion de votre etablissement s'est-il rendu dans l'établissement de santé pour des activités de supervision ou d'assistance technique ? ENQUÊTEUR : POUR ZÉRO, NOTER "0",
A75: =A74-0.01 -> -2.15 | B75: Au cours des 3 derniers mois, combien de fois l'établissement a-t-il reçu la visite d'un représentant de la direction departementale sanitaire pour des activités de supervision ou d'assistance technique ? ENQUÊTEUR : POUR ZÉRO, NOTER "0",
A76: =A75-0.01 -> -2.16 | B76: Au cours des 3 derniers mois, combien de fois l'établissement a-t-il reçu la visite d'un donateur pour des activités de supervision ou d'assistance technique ? ENQUÊTEUR : POUR ZÉRO, NOTER "0",
A77: =A76-0.01 -> -2.17 | B77: Au cours des 3 derniers mois, combien de fois l'établissement a-t-il rendu visite à des agents de santé communautaires pour des activités de supervision ou d'assistance technique ? ENQUÊTEUR : POUR ZÉRO, NOTER "0",
A78: ATTENTION : LA PÉRIODE DE RÉFÉRENCE EST MAINTENANT DE 12 MOIS
A79: =A77-0.01 -> -2.18 | B79: Au cours des 12 derniers mois, combien de fois les membres du personnel ont-ils été évalués en interne, c'est-à-dire par des personnes de l'établissement ? | C79: SI ZÉRO | F79: ► | G79: =A82 -> -2.2
A80: =A79-0.01 -> -2.19 | B80: Le résultat de cette évaluation interne du personnel a-t-il une incidence sur le salaire des personnels ou sur les primes d'incitation ? | C80: OUI | E80: 1
C81: NON | E81: 2
A82: =A80-0.01 -> -2.2 | B82: Au cours des 12 derniers mois, combien de fois les membres du personnel ont-ils été évalués par des personnes extérieures à l'établissement, par ex. les services de la direction sanitaire départementale ? | C82: SI ZÉRO | F82: ► | G82: =A85 -> -2.22
A83: =A82-0.01 -> -2.21 | B83: Le résultat de cette évaluation externe du personnel a-t-il une incidence sur le salaire des personnels ou sur les primes d'incitation ? | C83: OUI | E83: 1
C84: NON | E84: 2
A85: =A83-0.01 -> -2.22 | B85: Au cours des 12 derniers mois, combien de fois l'établissement dans son ensemble a-t-il été évalué par des personnes extérieures à l'établissement ? | C85: SI ZÉRO | F85: ► | G85: =A88 -> -2.24
A86: =A85-0.01 -> -2.23 | B86: Le résultat de cette évaluation externe des performances de l'établissement a-t-il une incidence sur le financement de l'établissement ? | C86: OUI | E86: 1
C87: NON | E87: 2
A88: =A86-0.01 -> -2.24 | B88: L'établissement recueille-t-il les avis des patients par des enquêtes auprès des clients, une boîte à suggestions/réclamations ou une autre méthode ? | C88: OUI | E88: 1
C89: NON | E89: 2 | F89: ► | G89: ='3HRM'!$A$4 -> -3.01
A90: =A88-0.01 -> -2.25 | B90: Existe-t-il un mécanisme formel informant le personnel des avis des patients ? | C90: OUI | E90: 1
C91: NON | E91: 2
A92: =A90-0.01 -> -2.26 | B92: Au cours des 12 derniers mois, des changements ont-ils été introduits à la suite d'avis exprimés par des patients ? | C92: OUI | E92: 1
C93: NON | E93: 2

Sheet 3HRM
A1: =-3 -> -3 | B1: Ressources humaines
A2: PERSONNE INTERROGÉE : RESPONSABLE DES RESSOURCES HUMAINES, RESPONSABLE DE L'ÉTABLISSEMENT DE SANTÉ OU EMPLOYÉ LE MIEUX INFORMÉ
A3: (A) | B3: Gestion des ressources humaines | H3: NOTER LA RÉPONSE
A4: =A1-0.01 -> -3.01 | B4: Qui est habilité à recruter de nouveaux employés ? | C4: a. | D4: Directeur/responsable de l'établissement de santé
C5: b. | D5: Personnel de l'établissement
C6: c. | D6: Ministère de la Santé / Services de la Direction Departementale Sanitaire
C7: d. | D7: Autorités locales
C8: e. | D8: Organisation non gouvernementale
C9: f. | D9: Agents de santé communautaires
C10: g. | D10: Autre, spécifier:
A11: =A4-0.01 -> -3.02 | B11: Qui est habilité à licencier des employés ? | C11: a. | D11: Directeur/responsable de l'établissement de santé
C12: b. | D12: Personnel de l'établissement
C13: c. | D13: Ministère de la Santé / Services de la Direction Departementale Sanitaire
B14: ENQUÊTEUR : LIRE À HAUTE VOIX LES RÉPONSES POSSIBLES. POUR CHACUNE D'ELLES, NOTER "1" POUR OUI, "2" POUR NON. | C14: d. | D14: Autorités locales
C15: e. | D15: Organisation non gouvernementale
C16: f. | D16: Agents de santé communautaires
C17: g. | D17: Autre, spécifier:
A18: =A11-0.01 -> -3.03 | B18: Qui est habilité à fixer la rémunération des employés ? | C18: a. | D18: Directeur/responsable de l'établissement de santé
C19: b. | D19: Personnel de l'établissement
C20: c. | D20: Ministère de la Santé / Services de la Direction Departementale Sanitaire
C21: d. | D21: Autorités locales
B22: ENQUÊTEUR : LIRE À HAUTE VOIX LES RÉPONSES POSSIBLES. POUR CHACUNE D'ELLES, NOTER "1" POUR OUI, "2" POUR NON. | C22: e. | D22: Organisation non gouvernementale
C23: f. | D23: Agents de santé communautaires
C24: g. | D24: Autre, spécifier:
A25: ="FOR EACH TYPE OF POSITION LISTED BELOW, ASK QUESTIONS "& TEXT(D26,"0.00_);(0.00)")&" TO "& TEXT(I26,"0.00_);(0.00)")&". IF ZERO, RECORD 0." -> FOR EACH TYPE OF POSITION LISTED BELOW, ASK QUESTIONS (3.04) TO (3.07). IF ZERO, RECORD 0.
B26: TYPE DE POSTE | D26: =A18-0.01 -> -3.04 | E26: =D26-0.01 -> -3.05 | G26: =E26-0.01 -> -3.06 | I26: =G26-0.01 -> -3.07
D27: Combien y a-t-il de postes autorisés dans l'établissement pour des [TYPE DE POSTE]s ? | E27: Combien de postes autorisés pour des [TYPE DE POSTE]s sont actuellement pourvus ? | G27: Au cours des 12 derniers mois, combien de [TYPE DE POSTE]s ont quitté définitivement l'établissement ? | I27: Combien de [TYPE DE POSTE]s travaillent régulièrement dans cet établissement sans être titulaire d'un poste autorisé ?
B28: Directeur d'Institution / Administrateur | C28: a.
B29: Directeur médical | C29: b.
B30: Médecin généraliste | C30: c.
B31: Médecin spécialiste | C31: d.
B32: Pharmacien | C32: e.
B33: Technicien de laboratoire | C33: f.
B34: Infirmière Sage-Femme | C34: g.
B35: Infirmière | C35: h.
B36: Auxiliaire-infirmière / auxiliaire | C36: i.
B37: Autre, spécifier: | C37: j.
A38: (B) | B38: Agents de santé communautaires | H38: NOTER LA RÉPONSE
A39: =I26-0.01 -> -3.08 | B39: Combien de communes sont couverts par cet établissement ?
A40: =A39-0.01 -> -3.09 | B40: Y a-t-il des agents de santé communautaires en activité dans la zone de couverture de cet établissement ? | C40: OUI | E40: 1
C41: NON | E41: 2 | F41: ► | G41: =A48 -> -3.13
A42: =A40-0.01 -> -3.1 | B42: Combien d'agents de santé communautaires sont actuellement en activité dans cette zone de couverture ? | C42: a. | D42: FEMMES
C43: b. | D43: HOMMES
A44: =A42-0.01 -> -3.11 | B44: Certains agents de santé communautaires ont-ils cessé leurs activités au cours des 12 derniers mois ? | C44: OUI | E44: 1
C45: NON | E45: 2 | F45: ► | G45: =A48 -> -3.13
A46: =A44-0.01 -> -3.12 | B46: Combien d'agents de santé communautaires ont cessé leurs activités au cours des 12 derniers mois ? | C46: a. | D46: FEMMES
C47: b. | D47: HOMMES
A48: =A46-0.01 -> -3.13 | B48: L'établissement de santé a-t-il un superviseur de santé communautaire spécialement désigné ? | C48: OUI | E48: 1
C49: NON | E49: 2 | F49: ► | G49: ='4Roster'!B6 -> -4.01
A50: =A48-0.01 -> -3.14 | B50: Combien de superviseurs de santé communautaires travaillent dans cet établissement ?
A51: =A50-0.01 -> -3.15 | B51: Au cours des 3 derniers mois, quelles activités le ou les superviseurs des agents de santé communautaire ont-ils assurées parmi les suivantes : | C51: a. | D51: Participé à des réunions des agents de santé communautaires ?
C52: b. | D52: Supervisé les activités des agents de santé communautaires (observé les consultations, les activités)
B53: ENQUÊTEUR : LIRE À HAUTE VOIX LES RÉPONSES POSSIBLES. | C53: c. | D53: Remplacé les kits des agents de santé communautaires
C54: d. | D54: Formé des agents de santé communautaires
B55: OUI 1 | C55: e. | D55: Facilité la formation d'agents de santé communautaires
B56: NON 2 | C56: f. | D56: Collecté et compilé des rapports d'activité mensuels
C57: g. | D57: Rencontré le personnel de postes de santé
C58: h. | D58: Informé sur des programmes sanitaires
C59: i. | D59: Organisé une ou des campagnes de vaccination
C60: j. | D60: Autre, spécifier:

Sheet 4Roster
A1: =-4 -> -4 | B1: Liste du personnel de l'établissement
B3: PERSONNES CONCERNÉES : TOUS LES MEMBRES DU PERSONNEL, QU'ILS SOIENT TEMPORAIRES OU PERMANENTS, SOIGNANTS OU NON, À COMMENCER PAR LE RESPONSABLE DE L'ÉTABLISSEMENT
B4: PERSONNE INTERROGÉE : RESPONSABLE DE L'ÉTABLISSEMENT OU EMPLOYÉ LE MIEUX INFORMÉ
B6: =A1-0.01 -> -4.01 | C6: =B6-0.01 -> -4.02 | E6: =C6-0.01 -> -4.03 | F6: =E6-0.01 -> -4.04 | G6: =F6-0.01 -> -4.05 | I6: =G6-0.01 -> -4.06 | P6: =I6-0.01 -> -4.07 | Q6: =P6-0.01 -> -4.08 | R6: =Q6-0.01 -> -4.09 | T6: =R6-0.01 -> -4.1 | U6: =T6-0.01 -> -4.11 | V6: =U6-0.01 -> -4.12 | W6: =V6-0.01 -> -4.13 | Y6: =W6-0.01 -> -4.14 | AC6: =Y6-0.01 -> -4.15 | AE6: =AC6-0.01 -> -4.16
A7: CODE D'IDENTIFICATION | B7: ENQUÊTEUR : INSCRIRE LES NOM ET PRÉNOM DE TOUTES LES PERSONNES TRAVAILLANT DANS L'ÉTABLISSEMENT. POUR CHACUNE D'ELLES, POSER TOUTES LES QUESTIONS DE CETTE SECTION, PUIS PASSER À LA PERSONNE SUIVANTE. S'IL Y A PLUS DE 21 EMPLOYÉS, UTILISER UN DEUXIÈME QUESTIONNAIRE. | C7: SEXE DE [NOM] | E7: CODE D'ID. DU RÉPONDANT | F7: Âge de [NOM] | G7: Quel est le diplôme le plus élevé obtenu par [NOM] ? | I7: Quel poste occupe [NOM] dans cet établissement ? | P7: En quelle année [NOM] a-t-il/elle obtenu son diplôme ? | Q7: En quelle année [NOM] a-t-il/elle été affecté(e) à son poste dans cet établissement ? | R7: Est-ce que cette personne est fonctionnaire de l'Etat, contractuel de l'Etat ou autre contractuel ? | T7: Combien de jours par semaine [NOM] travaille-t-il/elle habituellement dans cet établissement de santé ? | U7: Combien d'heures par semaine [NOM] travaille-t-il/elle habituellement dans cet établissement de santé ? | V7: Combien d'heures par semaine [NOM] passe-t-il/elle habituellement à dispenser des soins médicaux directement à des patients ? | W7: [NOM] a-t-il/elle aussi une clientèle privée ? | Y7: [NOM] est-il/elle présent(e) aujourd'hui ? | AC7: Pourriez-vous me dire pourquoi [NOM] n'est pas là aujourd'hui ? | AE7: Quels services assure [NOM] aujourd'hui ?
I8: Professions médicales/paramédicales
I9: Directeur d'Institution / Administrateur | J9: 1 | L9: Gardien | M9: 14 | AE9: ENQUÊTEUR : NOTER JUSQU'À 5 SERVICES. EN CAS DE SOINS PÉDIATRIQUES POSTNATALS ASSOCIÉS À DE LA PÉDIATRIE PRÉVENTIVE (EX. : VACCINATIONS), NOTER "03" POUR SOINS PÉDIATRIQUES POSTNATALS.
G10: Diplôme de fin d'études primaires | H10: 1 | I10: Directeur médical | J10: 2 | L10: Menagere | M10: 15 | AC10: ►PROFESSIONNEL SUIVANT
I11: Médecin généraliste | J11: 3 | L11: Agent de Santé Communautaire | M11: 16
G12: Diplôme de fin d'études secondaires | H12: 2 | L12: Matrone | M12: 17 | AC12: PAS DE GARDE | AD12: 1
I13: Médecin spécialiste | J13: 4 | L13: Autre poste non médical/paramédical | M13: 18 | Q13: ENQUÊTEUR : NOTER L'ANNÉE AU FORMAT AAAA (EX. : 1985) | AC13: EN CONGÉ MALADIE | AD13: 2
G14: Certificat/Diplôme | H14: 3 | I14: Pharmacien | J14: 5 | L14: Autre | M14: 19 | AC14: EN FORMATION | AD14: 3 | AE14: SOINS PRÉNATALS | AI14: 1
G15: Licence | H15: 3 | I15: Technicien de laboratoire | J15: 6 | AC15: EN CONGÉ MATERNITÉ | AD15: 4 | AE15: ACCOUCHEMENTS | AI15: 2
G16: Maîtrise | H16: 4 | I16: Infirmiere Sage-Femme | J16: 7 | AC16: AUTRE ABSENCE AUTORISÉE | AD16: 5 | AE16: SOINS PÉDIATRIQUES POSTNATALS | AI16: 3
G17: Doctorat | H17: 5 | AE17: SOINS MATERNELS POSTNATALS | AI17: 4
I18: Infirmiere | J18: 8 | V18: ENQUÊTEUR : NOTER "00" SI PROF. NON MÉDICALE | AC18: EN RETARD | AD18: 6 | AE18: PÉDIATRIE PRÉVENTIVE | AI18: 5
G19: Troisième cycle universitaire | H19: 6 | I19: Auxiliaire-Infirmiere/Infirmiere | J19: 9 | AC19: ABSENCE NON AUTORISÉE | AD19: 7 | AE19: PÉDIATRIE CURATIVE | AI19: 6
G20: Études post-doctorales | H20: 7 | AE20: MÉDECINE CURATIVE ADULTES | AI20: 7
G21: Pas d'études | H21: 10 | I21: Travailleur Social | J21: 10 | AC21: CONGÉS ANNUELS | AD21: 96 | AE21: CONSEIL ET DÉPISTAGE VOLONTAIRES | AI21: 8
G22: Autre, spécifier: | H22: 96 | I22: Psychologue | J22: 11 | AC22: AUTRE (PRÉCISER) | AD22: 96 | AE22: SERVICES NON MÉDICAUX (ADMIN., RÉCEPTION, ETC.) | AI22: 9
I23: Conseiller | J23: 12
C24: HOMMES | D24: 1 | W24: OUI | X24: 1 | Y24: OUI | Z24: 1 | AA24: ► | AB24: =AE6 -> -4.16
B25: NOM ET PRÉNOM | C25: FEMMES | D25: 2 | F25: ANNÉES | I25: Personnel Administratif | J25: 13 | Q25: ANNÉE | T25: 7 MAXI. | U25: 168 MAXI. | V25: 168 MAXI. | W25: NON | X25: 2 | Y25: NON | Z25: 2 | AE25: A. | AF25: B. | AG25: C. | AH25: D. | AI25: E.
A26: 1
A27: =A26+1 -> 2
A28: =A27+1 -> 3
A29: =A28+1 -> 4
A30: =A29+1 -> 5
A31: =A30+1 -> 6
A32: =A31+1 -> 7
A33: =A32+1 -> 8
A34: =A33+1 -> 9
A35: =A34+1 -> 10
A36: =A35+1 -> 11
A37: =A36+1 -> 12
A38: =A37+1 -> 13
... A46: =A45+1 -> 21

Sheet 5Lab
A1: =-5 -> -5 | B1: Laboratoire
A2: PERSONNE INTERROGÉE : TECHNICIEN DE LABORATOIRE OU EMPLOYÉ LE MIEUX INFORMÉ
A3: CODE D'IDENTIFICATION DE LA PERSONNE INTERROGÉE DANS LA LISTE DU PERSONNEL
A4: =A1-0.01 -> -5.01 | B4: L'établissement assure-t-il des services d'analyses médicales ? | C4: OUI | D4: 1
C5: NON | D5: 2 | E5: ► | F5: ='6Services'!A4 -> -6.01
A6: (A) | B6: Analyses de laboratoire
C7: =A4-0.01 -> -5.02 | E7: =C7-0.01 -> -5.03 | G7: =E7-0.01 -> -5.04
C8: Pour chacune des analyses suivantes, dites-moi si vous êtes en mesure de la réaliser aujourd'hui, si vous étiez en mesure de la réaliser il y a 3 mois mais pas aujourd'hui, ou si vous n'êtes simplement pas en mesure de la réaliser (ni aujourd'hui, ni il y a 3 mois). | E8: Combien d'analyses du type […] ont été réalisées au cours des 3 derniers mois ? | G8: ENQUÊTEUR : NOTER LA SOURCE D'INFORMATION. NOTER UNE RÉPONSE POUR CHAQUE ANALYSE.
C9: ENQUÊTEUR : NOTER UNE RÉPONSE POUR CHAQUE ANALYSE. | E9: ENQUÊTEUR : POUR ZÉRO, NOTER "0". NOTER UNE RÉPONSE POUR CHAQUE ANALYSE.
C10: En mesure de réaliser cette analyse aujourd'hui | D10: 1 | G10: REGISTRES DES LABORATOIRES | H10: 1
C11: En mesure de réaliser cette analyse il y a 3 mois mais pas aujourd'hui | D11: 2 | G11: PAS DE REGISTRES DE LABORATOIRE DISPONIBLES, INFO. ORALE | H11: 2
C12: Pas en mesure de réaliser cette analyse, ni aujourd'hui ni il y a 3 mois | D12: 3
A13: a. | B13: Numération globules rouges et globules blancs
A14: b. | B14: Estimation du taux d'hémoglobine (hématocrite)
A15: c. | B15: Groupage sanguin et épreuve de compatibilité directe
A16: d. | B16: Diagnostic paludisme (goutte épaisse et frottis)/test de diagnostic rapide
A17: e. | B17: Diagnostic tuberculose par frottis
A18: f. | B18: Coloration de Gram
A19: g. | B19: Sérologie du VIH
A20: h. | B20: Sérologie de l'hépatite B
A21: i. | B21: Sérologie de l'hépatite C
A22: j. | B22: Sérologie de la syphilis (RPR ou VDRL)
A23: k. | B23: Protéines et glucose dans les urines (bandelettes)
A24: l. | B24: Test de grossesse
... A28: p. | B28: Tests de la fonction hépatique
A29: (B) | B29: Matériel de laboratoire | G29: NOTER LA RÉPONSE
A30: =G7-0.01 -> -5.05 | B30: Où se trouve le matériel de laboratoire ? | C30: Dans un laboratoire séparé | F30: 1
C31: Dans une pièce également utilisée pour d'autres activités | F31: 2
C33: Autre, spécifier: | F33: 96
A34: =A30-0.01 -> -5.06 | B34: ENQUÊTEUR : NOTER LE NOMBRE D'APPAREILS EN ÉTAT DE MARCHE. NOTER UNE RÉPONSE POUR CHAQUE APPAREIL. NOTER "98" S'IL N'Y A PAS D'APPAREIL DISPONIBLE EN ÉTAT DE MARCHE. | C34: a. Microscope
C35: b. Centrifugeuse
C36: c. Hémoglobinomètre
C37: d. Réfrigérateur pour conserver les réactifs
A38: =A34-0.01 -> -5.07 | B38: Y a-t-il un registre de laboratoire pour la tuberculose ? ENQUÊTEUR : SI OUI, DEMANDER À LE VOIR. | C38: OUI, VUE | F38: 1
C39: OUI, PAS VUE | F39: 2
C40: NON | F40: 3
A41: =A38-0.01 -> -5.08 | B41: Combien de techniciens de laboratoire sont formés à la recherche de bacilles acidorésistants (BAR) au microscope ? ENQUÊTEUR : VÉRIFIER QUE LE NOMBRE INDIQUÉ N'EST PAS SUPÉRIEUR AU NOMBRE TOTAL DE TECHNICIENS DE LABORATOIRE.

Sheet 6Services
A1: =-6 -> -6 | B1: Services
A2: PERSONNE INTERROGÉE : RESPONSABLE DE L'ÉTABLISSEMENT OU EMPLOYÉ LE MIEUX INFORMÉ
A3: (A) | B3: Services de vaccination | G3: NOTER LA RÉPONSE
A4: =A1-0.01 -> -6.01 | B4: Cet établissement assure-t-il des services de vaccination ? | C4: OUI | D4: 1
C5: NON | D5: 2 | E5: ► | F5: =A33 -> -6.14
A6: =A4-0.01 -> -6.02 | B6: Y a-t-il une pièce ou un endroit séparé pour les vaccinations ? | C6: OUI | D6: 1
C7: NON | D7: 2
A8: =A6-0.01 -> -6.03 | B8: Des séances de vaccination des enfants ont-elles lieu régulièrement dans l'établissement ou sur le terrain ? | C8: Dans l'établissement uniquement | D8: 1
C9: Sur le terrain uniquement | D9: 2
C10: Dans l'établissement et sur le terrain | D10: 3
A11: =A8-0.01 -> -6.04 | B11: Y a-t-il un programme de vaccinations sur le terrain pour l'année en cours ? | C11: OUI | D11: 1
C12: NON | D12: 2
A13: =A11-0.01 -> -6.05 | B13: Au cours des 30 derniers jours, combien de jours l'équipe de l'établissement est-elle allée sur le terrain pour des séances de vaccination ?
A14: =A13-0.01 -> -6.06 | B14: Cet établissement a-t-il un/une [MOYEN DE STOCKAGE] pour conserver les vaccins ? | C14: a. Réfrigérateur
C15: b. Briquette Congelé
B16: ENQUÊTEUR : LIRE À HAUTE VOIX LES RÉPONSES POSSIBLES. POUR CHACUNE D'ELLES, NOTER "1" SI L'ÉTABLISSEMENT POSSÈDE CE MOYEN DE STOCKAGE, SINON "2". | C16: c. Glacière porte-vaccins
A18: =A14-0.01 -> -6.07 | B18: Des relevés de température sont-ils réalisés ? ENQUÊTEUR : SI OUI, DEMANDER À LES VOIR. | C18: OUI, VUE | D18: 1
C19: OUI, PAS VUE | D19: 2
C20: NON | D20: 3 | E20: ► | F20: =A24 -> -6.11
A21: =A18-0.01 -> -6.08 | B21: Au cours des 7 derniers jours, combien de jours la température a-t-elle été relevée ?
A22: =A21-0.01 -> -6.09 | B22: Au cours des 7 derniers jours, combien de fois la température a-t-elle été relevée au total ?
A23: =A22-0.01 -> -6.1 | B23: Au cours des 7 derniers jours, combien de jours la température relevée a-t-elle été supérieure à 8°C ou inférieure à 2°C ?
A24: =A23-0.01 -> -6.11 | B24: Des fiches de vaccination sont-elles créées pour tout enfant commençant son programme de vaccination ? | C24: OUI | D24: 1
C25: NON | D25: 2 | E25: ► | F25: =A33 -> -6.14
A26: =A24-0.01 -> -6.12 | B26: Après qu'un enfant a commencé son programme de vaccination, où les fiches de vaccination sont-elles conservées ? | C26: Donnée à la personne qui s'occupe de l'enfant, qui doit la rapporter à la consultation suivante | D26: 1 | E26: ► | F26: =A33 -> -6.14
C27: Conservée dans l'établissement | D27: 2
C28: Un exemplaire donné à la personne s'occupant de l'enfant, un autre conservé dans l'établissement | D28: 3
C29: Autre, spécifier: | D29: 96 | E29: ► | F29: =A33 -> -6.14
A30: =A26-0.01 -> -6.13 | B30: Pourriez-vous me montrer quelques fiches de vaccination de patients ? | C30: VUES | D30: 1
C31: PAS VUES | D31: 2
A32: (B) | B32: Services de soins prénatals | G32: NOTER LA RÉPONSE
A33: =A30-0.01 -> -6.14 | B33: L'établissement dispense-t-il des services de soins prénatals ? | C33: OUI | D33: 1
C34: NON | D34: 2 | E34: ► | F34: =A55 -> -6.23
A35: =A33-0.01 -> -6.15 | B35: Les consultations des femmes enceintes ont-elles lieu à des horaires différents des consultations des autres patients ? | C35: OUI | D35: 1
C36: NON | D36: 2
A37: =A35-0.01 -> -6.16 | B37: Au cours des 30 derniers jours, combien de jours l'établissement a-t-il dispensé des consultations prénatales ? | C37: 30 JOURS MAXIMUM
A38: =A37-0.01 -> -6.17 | B38: Au cours des 6 derniers mois, combien de fois l'établissement a-t-il organisé des réunions avec des accoucheuses traditionnelles ?
A39: =A38-0.01 -> -6.18 | B39: Au cours des 6 derniers mois, combien de jours le personnel de l'établissement a-t-il assuré des consultations prénatales sur le terrain ?
A40: =A39-0.01 -> -6.19 | B40: Au cours des 6 derniers mois, du fer et de l'acide folique ont-ils été prescrits aux femmes enceintes ? ENQUÊTEUR : VÉRIFIER LES DOSSIERS. EN CAS D'ABSENCE DE DOSSIERS, DEMANDER AU RESPONSABLE. NOTER LA RÉPONSE SELON QUE LES DOSSIERS ONT ÉTÉ VUS OU PAS. | C40: DOSSIERS VUS : Systématiquement | D40: 1
C41: DOSSIERS VUS : Parfois | D41: 2
C42: DOSSIERS VUS : Rarement ou jamais | D42: 3
C43: DOSSIERS PAS VUS, INFO. ORALE : Systématiquement | D43: 4
C44: DOSSIERS PAS VUS, INFO. ORALE : Parfois | D44: 5
C45: DOSSIERS PAS VUS, INFO. ORALE : Rarement ou jamais | D45: 6
A46: =A40-0.01 -> -6.2 | B46: Une fiche de suivi prénatal ou de maternité est-elle créée pour les femmes qui viennent aux consultations prénatales ? | C46: OUI | D46: 1
C47: NON | D47: 2 | E47: ► | F47: =A55 -> -6.23
A48: =A46-0.01 -> -6.21 | B48: Où sont conservées ces fiches de maternité ? | C48: Donnée à la mère, qui doit la rapporter à la consultation suivante | D48: 1 | E48: ► | F48: =A55 -> -6.23
C49: Conservée dans l'établissement | D49: 2
C50: Un exemplaire donné à la mère, un autre conservé dans l'établissement | D50: 3
C51: Autre, spécifier: | D51: 96 | E51: ► | F51: =A55 -> -6.23
A52: =A48-0.01 -> -6.22 | B52: Pourriez-vous me montrer quelques fiches de suivi prenatal de patients ? | C52: VUES | D52: 1
C53: PAS VUES | D53: 2
A54: (C) | B54: Services d'accouchement et post-partum | G54: NOTER LA RÉPONSE
A55: =A52-0.01 -> -6.23 | B55: L'établissement assure-t-il des services d'accouchement, dans l'établissement ou dans la communauté ? | C55: OUI | D55: 1
C56: NON | D56: 2 | E56: ► | F56: =A63 -> -6.26
A57: =A55-0.01 -> -6.24 | B57: Le personnel de l'établissement aide-t-il aux accouchements uniquement dans l'établissement, uniquement dans la communauté, ou à la fois dans l'établissement et dans la communauté ? | C57: Uniquement dans l'établissement | D57: 1
C58: Uniquement dans la communauté | D58: 2
C59: À la fois dans l'établissement et dans la communauté | D59: 3
A60: =A57-0.01 -> -6.25 | B60: Cet établissement est-il capable de prendre en charge des accouchements par césarienne en urgence ? | C60: Oui, capable de les prendre en charge aujourd'hui | D60: 1
C61: Oui habituellement, mais pas aujourd'hui | D61: 2
C62: Non, les patientes sont adressées ailleurs | D62: 3
A63: =A60-0.01 -> -6.26 | B63: L'établissement assure-t-il des services de soins post-partum ? | C63: OUI | D63: 1
C64: NON | D64: 2 | E64: ► | F64: =A73 -> -6.32
A65: =A63-0.01 -> -6.27 | B65: Les consultations post-partum ont-elles lieu uniquement à des horaires spécifiques, aux horaires des consultations externes générales, ou à la fois à des horaires spécifiques et aux horaires des consultations externes générales ? | C65: Uniquement à des horaires spécifiques | D65: 1
C66: Uniquement aux horaires des consultations externes générales | D66: 2
C67: À la fois à des horaires spécifiques et aux horaires des consultations externes générales | D67: 3
A68: =A65-0.01 -> -6.28 | B68: Au cours des 30 derniers jours, combien de jours l'établissement a-t-il assuré des consultations de soins post-partum pour les femmes ? | C68: 30 JOURS MAXIMUM
A69: =A68-0.01 -> -6.29 | B69: Au cours des 6 derniers mois, combien de consultations post-partum sur le terrain ont été organisées par cet établissement ?
A70: =A69-0.01 -> -6.3 | B70: Au cours des 12 derniers mois, combien de décès maternels dans l'établissement ont été enregistrés ? ENQUÊTEUR : VÉRIFIER LES DOSSIERS.
A71: =A70-0.01 -> -6.31 | B71: Au cours des 12 derniers mois, combien de décès maternels dans la communauté ont été enregistrés (sans ceux intervenus dans l'établissement) ? ENQUÊTEUR : VÉRIFIER LES DOSSIERS.
A72: (D) | B72: Services anti-tuberculose | G72: NOTER LA RÉPONSE
A73: =A71-0.01 -> -6.32 | B73: Quels sont les services anti-tuberculose dispensés par cet établissement de santé ? | C73: Uniquement services de diagnostic | D73: 1
C74: Uniquement services de traitement | D74: 2
C75: À la fois services de diagnostic et de traitement | D75: 3
C76: Aucun | D76: 4 | E76: ► | F76: ='7GenHMIS'!A3 -> -7.01
A77: =A73-0.01 -> -6.33 | B77: Y a-t-il une zone d'accueil des tuberculeux dans l'établissement ? ENQUÊTEUR : C'EST UN ENDROIT DE L'ÉTABLISSEMENT OÙ LES PATIENTS TUBERCULEUX SONT EXAMINÉS ET REÇOIVENT LEURS MÉDICAMENTS. | C77: OUI | D77: 1
C78: NON | D78: 2 | E78: ► | F78: =A82 -> -6.35
A79: =A77-0.01 -> -6.34 | B79: Qui gère la zone d'accueil des tuberculeux dans cet établissement ? | C79: Personnel de l'établissement de santé | D79: 1
C80: Un agent de santé communautaire | D80: 2
C81: Autre, spécifier: | D81: 96
A82: =A79-0.01 -> -6.35 | B82: Y a-t-il un registre des cas de tuberculose ? SI OUI, DEMANDER À LE VOIR. | C82: OUI, VUE | D82: 1
C83: OUI, PAS VUE | D83: 2
C84: NON | D84: 3
A85: =A82-0.01 -> -6.36 | B85: Y a-t-il un registre des cas suspectés de tuberculose ? SI OUI, DEMANDER À LE VOIR. | C85: OUI, VUE | D85: 1
C86: OUI, PAS VUE | D86: 2
C87: NON | D87: 3
A88: =A85-0.01 -> -6.37 | B88: Une fiche de traitement anti-tuberculeux est-elle créée pour les patients qui viennent se faire soigner pour la tuberculose ? | C88: OUI | D88: 1
C89: NON | D89: 2 | E89: ► | F89: =A97 -> -6.4
A90: =A88-0.01 -> -6.38 | B90: Où sont conservées les fiches de traitement anti-tuberculeux ? | C90: Donnée au patient qui doit la rapporter à la consultation suivante | D90: 1 | E90: ► | F90: =A97 -> -6.4
C91: Conservée dans l'établissement | D91: 2
C92: Un exemplaire donné au patient, un autre conservé dans l'établissement | D92: 3
C93: Autre, spécifier: | D93: 96 | E93: ► | F93: =A97 -> -6.4
A94: =A90-0.01 -> -6.39 | B94: Pourriez-vous me montrer quelques fiches de patients ? | C94: VUES | D94: 1
C95: PAS VUES | D95: 2
A96: (E) | B96: Services anti-paludisme | G96: NOTER LA RÉPONSE
A97: =A94-0.01 -> -6.4 | B97: Au cours des 6 derniers mois, combien de cas présumés de paludisme (Malaria) ont été vus dans l'établissement ? ENQUÊTEUR : VÉRIFIER LE SIS ET CAS NON CONFIRMES.
A98: =A97-0.01 -> -6.41 | B98: « Au cours des 6 derniers mois, combien de cas de paludisme (Malaria) autres qu'à Plasmodium Falciparum confirmés par des analyses ont été vus dans l'établissement ? » ENQUÊTEUR : VÉRIFIER LE SIS ET CAS CONFIRMES.
A99: =A98-0.01 -> -6.42 | B99: Au cours des 6 derniers mois, combien de cas de paludisme (tous types confondus) ont été traités par la bithérapies (chloroquine et primaquine) ? ENQUÊTEUR : VÉRIFIER LES DOSSIERS.
A100: =A99-0.01 -> -6.43 | B100: L'établissement suit-il les directives nationales de traitement du paludisme ? ENQUÊTEUR : SI OUI, DEMANDER À VOIR LES DIRECTIVES. | C100: OUI, VUE | D100: 1
C101: OUI, PAS VUE | D101: 2
...

Sheet 7GenHMIS
A1: =-7 -> -7 | B1: Système d'information sanitaire | G1: NOTER LA RÉPONSE
A2: PERSONNE INTERROGÉE : RESPONSABLE DE L'ÉTABLISSEMENT OU EMPLOYÉ LE MIEUX INFORMÉ
A3: =A1-0.01 -> -7.01 | B3: Avez-vous une estimation de la taille du bassin de population couvert par cet établissement, c'est-à-dire le nombre d'habitants ciblés ou la population totale du secteur géographique desservis par cet établissement ? | C3: OUI | D3: 1
C4: NON | D4: 2 | E4: ► | F4: =A13 -> -7.03
A5: =A3-0.01 -> -7.02 | B5: Combien de personnes compte la [CATÉGORIE DE POPULATION] ? | C5: a. Population totale
C6: b. Population masculine totale
C7: c. Population féminine totale
C8: d. Population féminine âgée de 15 à 49 ans, c'est-à-dire en âge de procréer
C9: e. Population totale d'enfants de moins de 5 ans
C10: f. Population totale d'enfants de moins de 1 an
A11: J'aimerais maintenant voir le registre (rapport SIS et autres) montrant le nombre total de patients pris en charge dans cet établissement durant le dernier mois civil complet
A12: Enquêteur: consulter le Rapport SIS et Autre Rapport Mensuel pour compléter les questions 7.03 à 7.12 | G12: NOTER LA RÉPONSE
A13: =A5-0.01 -> -7.03 | B13: Nombre TOTAL de patients
A14: =A13-0.01 -> -7.04 | B14: Nombre TOTAL de patients de sexe masculin
A15: =A14-0.01 -> -7.05 | B15: Nombre TOTAL de patients de sexe féminin
A16: =A15-0.01 -> -7.06 | B16: Nombre TOTAL de femmes vues en clinique prénatale (CPN)
A17: =A16-0.01 -> -7.07 | B17: Nombre TOTAL de patients de moins de 5 ans
A18: =A17-0.01 -> -7.08 | B18: Nombre TOTAL de garçons de moins de 5 ans
A19: =A18-0.01 -> -7.09 | B19: Nombre TOTAL de filles de moins de 5 ans
A20: =A19-0.01 -> -7.1 | B20: Nombre TOTAL de patients de moins de 1 an
A21: =A20-0.01 -> -7.11 | B21: Nombre TOTAL de garçons de moins de 1 an
A22: =A21-0.01 -> -7.12 | B22: Nombre TOTAL de filles de moins de 1 an
A23: =A22-0.01 -> -7.13 | B23: Rapport d'activités mensuel du systeme d'information sanitaire (SIS) | C23: VU, COMPLET | F23: 1
C24: VU, INCOMPLET | F24: 2
C25: PAS VUES | F25: 3
A26: =A23-0.01 -> -7.14 | B26: Rapport sur les maladies à déclaration obligatoire (demander le rapport envoyé à Direction d'Epidemiologie de Laboratoire et de Recherche, du MSPP). | C26: VU, COMPLET | F26: 1
C27: VU, INCOMPLET | F27: 2
C28: PAS VUES | F28: 3
A29: =A26-0.01 -> -7.15 | B29: Rapport sur la couverture vaccinale | C29: VU, COMPLET | F29: 1
C30: VU, INCOMPLET | F30: 2
C31: PAS VUES | F31: 3
A32: =A29-0.01 -> -7.16 | B32: Registre de planification familiale | C32: VU, COMPLET | F32: 1
C33: VU, INCOMPLET | F33: 2
C34: PAS VUES | F34: 3

Sheet 8 Syst d'info
A1: =-8 -> -8 | B1: Utilisation des services de santé d'après le système d'information sanitaire
A2: PERSONNE INTERROGÉE : RESPONSABLE DE L'ÉTABLISSEMENT OU EMPLOYÉ LE MIEUX INFORMÉ
A3: J'aimerais vous poser quelques questions sur les services de santé disponibles.
A4: Posez les questions de 8.01 a 8.04 pour chaque service, avant de passer au service suivant. | C4: =A1-0.01 -> -8.01 | E4: =C4-0.01 -> -8.02 | F4: =E4-0.01 -> -8.03 | H4: =F4-0.01 -> -8.04
C5: Cet établissement propose-t-il les services suivants dans l'établissement ou sur le terrain ? ENQUÊTEUR : NOTER LA RÉPONSE POUR L'ÉTABLISSEMENT ET POUR LE TERRAIN. | E5: Combien de jours par semaine ce service est-il proposé ? | F5: Quel est le prix total facturé en gourdes pour ce type de service ? ENQUÊTEUR : SI GRATUIT, NOTER "0" | H5: ENQUÊTEUR : POUR CHAQUE SERVICE, NOTER LE NOMBRE TOTAL MENSUEL DES PATIENTS HOSPITALISÉS (HOP) ET EXTERNES (EXT) INSCRITS DANS LE REGISTRE, POUR LES 6 DERNIERS MOIS AYANT PRÉCÉDÉ LE MOIS DE L'ENQUÊTE (EX. : SI L'ON EST LE 13 SEPTEMBRE, NOTER LES PATIENTS POUR LA PÉRIODE DU 1ER MARS AU 31 AOÛT POUR AVOIR 6 MOIS COMPLETS).
E10: ENQUÊTEUR : SI SEULEMENT SUR RDV, NOTER 8 ; SI SANS OBJET, NOTER 97.
C12: OUI | D12: 1
C13: NON | D13: 2
C15: Établissement | D15: Terrain | H15: MOIS 1 | J15: MOIS 2 | L15: MOIS 3 | N15: MOIS 4 | P15: MOIS 5 | R15: MOIS 6
A16: SERVICES | F16: GOURDES | G16: UNITÉ | H16: HOP | I16: EXT | J16: HOP | K16: EXT | L16: HOP | M16: EXT | N16: HOP | O16: EXT | P16: HOP | Q16: EXT | R16: HOP | S16: EXT
B17: Planification familiale/santé procréative
A18: a. | B18: Pilule contraceptive | G18: par consultation initiale
A19: b. | B19: Injection | G19: par consultation
A20: c. | B20: Pose implant | G20: par pose
A21: d. | B21: Préservatifs masculins | G21: par consultation
A22: e. | B22: Pose stérilet | G22: par pose
A23: f. | B23: Stérilisation féminine | G23: par opération
A24: g. | B24: Stérilisation masculine | G24: par opération
A25: h. | B25: Soins prénatals | G25: par consultation
B26: Accouchement
A27: i. | B27: Accouchement spontané par voie basse | G27: par accouchement
A28: j. | B28: Césarienne | G28: par accouchement
A29: k. | B29: Accouchement assisté (forceps, ventouse) | G29: par accouchement
A30: l. | B30: Accouchement à domicile avec matrone | G30: par accouchement
A31: m. | B31: Soins postnatals | G31: par consultation
B32: Vaccination
A33: n. | B33: Bacille Calmette-Guérin (BCG) | G33: par injection
A34: o. | B34: Pentavalent, 1e injection (DCT, hépatite B, Hemophilus influenzae B) | G34: par injection
A35: p. | B35: Pentavalent, 2e injection (DCT, hépatite B, Hemophilus influenzae B) | G35: par injection
A36: q. | B36: Pentavalent, 3e injection (DCT, hépatite B, Hemophilus influenzae B) | G36: par injection
A37: r. | B37: Anti-polio, 1ere dose | G37: par injection
A38: s. | B38: Anti-polio, 2e dose | G38: par injection
A39: t. | B39: Anti-polio, 3e dose | G39: par injection
A40: u. | B40: Antirougeoleux, 1e injection (<1 an) | G40: par injection
A41: v. | B41: Anti-tétanique aux femmes enceintes | G41: par injection
A42: Posez les questions de 8.01 a 8.04 pour chaque service, avant de passer au service suivant. | C42: =A1-0.01 -> -8.01 | E42: =C42-0.01 -> -8.02 | F42: =E42-0.01 -> -8.03 | H42: =F42-0.01 -> -8.04
C43: Cet établissement propose-t-il les services suivants dans l'établissement ou sur le terrain ? ENQUÊTEUR : NOTER LA RÉPONSE POUR L'ÉTABLISSEMENT ET POUR LE TERRAIN. | E43: Combien de jours par semaine ce service est-il proposé ? | F43: Quel est le prix total facturé en monnaie pour ce type de service ? ENQUÊTEUR : SI GRATUIT, NOTER "0" | H43: ENQUÊTEUR : POUR CHAQUE SERVICE, NOTER LE NOMBRE TOTAL MENSUEL DES PATIENTS HOSPITALISÉS (HOP) ET EXTERNES (EXT) INSCRITS DANS LE REGISTRE, POUR LES 6 DERNIERS MOIS AYANT PRÉCÉDÉ LE MOIS DE L'ENQUÊTE (EX. : SI L'ON EST LE 13 SEPTEMBRE, NOTER LES PATIENTS POUR LA PÉRIODE DU 1ER MARS AU 31 AOÛT POUR AVOIR 6 MOIS COMPLETS).
E48: ENQUÊTEUR : SI SEULEMENT SUR RDV, NOTER 8 ; SI SANS OBJET, NOTER 97.
C50: OUI | D50: 1
C51: NON | D51: 2
C53: Établissement | D53: Terrain | H53: MOIS 1 | J53: MOIS 2 | L53: MOIS 3 | N53: MOIS 4 | P53: MOIS 5 | R53: MOIS 6
A54: SERVICES | E54: JOURS/SEMAINE | F54: GOURDES | G54: UNITÉ | H54: HOP | I54: EXT | J54: HOP | K54: EXT | L54: HOP | M54: EXT | N54: HOP | O54: EXT | P54: HOP | Q54: EXT | R54: HOP | S54: EXT
B55: Soins curatifs et préventifs
A56: w. | B56: Soins curatifs aux enfants de moins de 5 ans | G56: par consultation
A57: x. | B57: Soins curatifs aux enfants de plus de 5 ans et aux adultes | G57: par consultation
A58: y. | B58: Suivi de la croissance et conseils nutritionnels pour les enfants | G58: par consultation
A59: z. | B59: Diagnostic de paludisme à Falciparum | G59: par consultation
A60: aa. | B60: Diagnostic de paludisme autre qu'à Falciparum | G60: par consultation
A61: ab. | B61: Traitement du paludisme par bithérapie à base de chloriquine et primaquine | G61: par consultation
A62: ac. | B62: Diagnostic de tuberculose | G62: par nouveau cas
A63: ad. | B63: Traitement de la tuberculose | G63: par traitement sous surveillance directe
A64: ae. | B64: Prise en charge des maladies sexuellement transmissibles
A65: af. | B65: Diagnostic, traitement, analyses et conseils | G65: par consultation
A66: ag. | B66: Prise en charge du VIH/sida
A67: ah. | B67: Conseil et dépistage volontaires | G67: par consultation
A68: ai. | B68: Prévention de la transmission du VIH/sida de la mère à l'enfant (PTME) | G68: par consultation
A69: aj. | B69: Traitement antirétroviral (TAR) | G69: par consultation
A70: ak. | B70: Soins d'urgence 24h/24 | G70: par consultation
A71: al. | B71: Hospitalisation | G71: par jour
A72: am. | B72: Transfert en ambulance vers un autre établissement | G72: par transfert

Sheet 9 Frais Patients
A1: =-9 -> -9 | B1: Frais des usagers | G1: NOTER LA RÉPONSE
A2: PERSONNE INTERROGÉE : RESPONSABLE DE L'ÉTABLISSEMENT OU EMPLOYÉ LE MIEUX INFORMÉ
A3: =A1-0.01 -> -9.01 | B3: Est-ce que les patients paient des frais de consultations ? Verifier la reponse a la question 1.14. | C3: OUI | D3: 1
C4: NON | D4: 2
A5: =A3-0.01 -> -9.02 | B5: Les patients ont-ils des frais à payer pour les analyses médicales ? | C5: OUI | D5: 1
C6: NON | D6: 2
A7: =A5-0.01 -> -9.03 | B7: Les patients ont-ils des frais à payer pour les examens radiologiques ? | C7: OUI | D7: 1
C8: NON | D8: 2
A9: =A7-0.01 -> -9.04 | B9: Les patients ont-ils des frais à payer pour les fournitures (ex. : compresses, seringues, etc.) ? | C9: OUI | D9: 1
C10: NON | D10: 2
A11: =A9-0.01 -> -9.05 | B11: Les patients ont-ils des frais à payer pour les médicaments ? | C11: OUI | D11: 1
C12: NON | D12: 2 | E12: ► | F12: =#REF! -> #REF!
A13: =A11-0.01 -> -9.06 | B13: Quel pourcentage du prix des médicaments est facturé aux patients ? ENQUÊTEUR : NOTER LE POURCENTAGE SANS LE SIGNE "%" (EX. : SI LE PATIENT PAYE 5 %, NOTER "05". S'IL PAYE 80 %, NOTER "80"). | C13: 100 MAXIMUM
A14: =A13-0.01 -> -9.07 | B14: Ce pourcentage facturé est-il basé sur le prix de gros ou sur le prix de détail ? | C14: Prix de gros | D14: 1
C15: Prix de détail | D15: 2
A16: =A14-0.01 -> -9.08 | B16: Par qui le montant des frais facturés aux patients a-t-il été fixé ? | C16: a. Directeur/responsable de l'établissement de santé
C17: b. Personnel de l'établissement de santé
B18: ENQUÊTEUR : LIRE À HAUTE VOIX TOUTES LES RÉPONSES POSSIBLES. POUR CHACUNE D'ELLES, NOTER "1" POUR OUI, OU "2" POUR NON | C18: c. Personnel d'une organisation non gouvernementale
C19: d. Ministère de la Santé (services centraux)
C20: e. Président / dirigeant de la coopérative des agents de santé communautaires
C21: f. Agents de santé communautaires
C22: g. Membres de la communauté
C23: h. Comité sanitaire
C24: i. Autre, préciser :
A25: =A16-0.01 -> -9.09 | B25: Au cours des 3 derniers mois, à quoi l'établissement a-t-il employé les recettes provenant des frais payés par les patients ? | C25: a. Infrastructures de l'établissement
C26: b. Matériel et fournitures de l'établissement
C27: c. Médicaments
C28: d. Programmes de l'établissement
B29: ENQUÊTEUR : LIRE À HAUTE VOIX TOUTES LES RÉPONSES POSSIBLES. POUR CHACUNE D'ELLES, NOTER "1" POUR OUI, OU "2" POUR NON | C29: e. Utilisation dans la communauté
C30: f. Reversées à un organisme gestionnaire
C31: g. Salaires du personnel
C32: h. Primes de résultats du personnel
C33: i. Reversées au gouvernement central
C34: j. Reversées à des services gouvernementaux décentralisés
C35: k. Autre, préciser :
A36: =A25-0.01 -> -9.1 | B36: Les catégories de personnes suivantes sont-elles dispensées du paiement des frais médicaux ? | C36: a. Veuves
C37: b. Enfants de moins de 5 ans
C38: c. Seniors (plus de 65 ans)
C39: d. Orphelins
C40: e. Patients atteints de la tuberculose
B41: ENQUÊTEUR : LIRE À HAUTE VOIX TOUTES LES RÉPONSES POSSIBLES. POUR CHACUNE D'ELLES, NOTER "1" POUR OUI, OU "2" POUR NON | C41: f. Patients atteints du VIH/sida
C42: g. Patients en grande pauvreté
C43: h. Handicapés physiques
C44: i. Militaires
C45: j. Femmes enceintes
C46: k. Réfugiés
C47: l. Autre, préciser :
A48: =A36-0.01 -> -9.11 | B48: Qui décide des catégories de personnes dispensées du paiement des frais médicaux ? | C48: a. Directeur/responsable de l'établissement de santé
C49: b. Personnel de l'établissement de santé
C50: c. Personnel d'une organisation non gouvernementale
C51: d. Ministère de la Santé (services centraux)
B52: ENQUÊTEUR : LIRE À HAUTE VOIX TOUTES LES RÉPONSES POSSIBLES. POUR CHACUNE D'ELLES, NOTER "1" POUR OUI, OU "2" POUR NON | C52: e. Président / dirigeant de la coopérative des agents de santé communautaires
C53: f. Agents de santé communautaires
C54: g. Membres de la communauté
C55: h. Comité sanitaire
C56: i. Autre, préciser :
A57: =A48-0.01 -> -9.12 | B57: Les patients dispensés de paiement reçoivent-ils une carte de dispense leur permettant de bénéficier gratuitement des services ? | C57: OUI | F57: 1
C58: NON | F58: 2
A59: =A57-0.01 -> -9.13 | B59: Cet établissement participe-t-il à un système d'assurance maladie ? | C59: OUI | D59: 1
C60: NON | D60: 2 | E60: ► | F60: ='10Leadership'!A9 -> -10.01
A61: =A59-0.01 -> -9.14 | B61: Quel type d'assurance maladie ? | C61: Publique | D61: 1
C62: Privée | D62: 2
C63: Les deux | D63: 3
A64: =A61-0.01 -> -9.15 | B64: Quels sont les services couverts par l'assurance maladie ? | C64: a. Visites médicales périodiques des nourrissons (y compris vaccination)
C65: b. Consultations pour enfants malades
B66: ENQUÊTEUR : LIRE À HAUTE VOIX TOUTES LES RÉPONSES POSSIBLES. POUR CHACUNE D'ELLES, NOTER "1" POUR OUI, OU "2" POUR NON | C66: c. Consultations externes pour adultes
C67: d. Consultations prénatales pour femmes enceintes
C68: e. Services d'accouchement
C69: f. Consultations postnatales pour les mères et les nouveau-nés
C70: g. Hospitalisation et soins hospitaliers
C71: h. Autre, préciser :
A72: =A64-0.01 -> -9.16 | B72: À quoi l'établissement emploie-t-il les fonds versés par l'assurance maladie ? | C72: a. Infrastructures de l'établissement
C73: b. Matériel et fournitures de l'établissement
B74: ENQUÊTEUR : LIRE À HAUTE VOIX TOUTES LES RÉPONSES POSSIBLES. POUR CHACUNE D'ELLES, NOTER "1" POUR OUI, OU "2" POUR NON | C74: c. Médicaments
C75: d. Programmes de l'établissement
C76: e. Utilisation dans la communauté
C77: f. Reversées à un organisme gestionnaire
C78: g. Salaires du personnel
C79: h. Primes de résultats du personnel
C80: i. Reversées au gouvernement central
C81: j. Reversées à des services gouvernementaux décentralisés
C82: k. Autre, préciser :

Sheet 10Leadership
A1: =-10 -> -10 | B1: Encadrement
A2: PERSONNE INTERROGÉE : RESPONSABLE DE L'ÉTABLISSEMENT DE SANTÉ UNIQUEMENT
A4: CODE D'IDENTIFICATION DE LA PERSONNE INTERROGÉE DANS LA LISTE DU PERSONNEL
A6: Dans cette partie du questionnaire, je souhaiterais savoir ce que vous feriez dans certaines situations concernant l'établissement Je vais vous lire plusieurs scénarios. Pour chacun d'eux, je vous proposerai 4 réponses possibles et vous choisirez celle qui se rapproche le plus de ce que vous feriez dans cette situation précise. Vous ne pouvez choisir qu'une réponse par scénario. Il n'y a pas de bonne ou de mauvaise réponse - nous voulons juste savoir comment aborderiez chaque situation.
A7: ENQUÊTEUR : À CHAQUE RÉPONSE EST ASSOCIÉ UN CODE DE 1 À 4. NOTER LE CODE CORRESPONDANT À LA RÉPONSE DONNÉE.
B8: SCÉNARIOS | C8: 1 | D8: 2 | E8: 3 | F8: 4 | G8: NOTER LA RÉPONSE (DE 1 À 4)
A9: =A1-0.01 -> -10.01 | B9: Scénario n°1 : Les performances de votre personnel s'améliorent. | C9: Vous insistez sur leurs responsabilités et les normes à respecter. | D9: Vous ne prenez aucune mesure particulière. | E9: Vous leur faites part des bons résultats obtenus et vous soulignez leur rôle. | F9: Vous soulignez l'importance des délais et des tâches à accomplir.
A10: =A9-0.01 -> -10.02 | B10: Scénario n°2 : Malgré leurs efforts, des membres de votre personnel n'ont pas réussi à résoudre un problème le mois dernier. | C10: Vous convoquez une réunion pour essayer de résoudre le problème ensemble. | D10: Vous laissez votre personnel régler le problème tout seul. | E10: Vous donnez à votre personnel des instructions sur la manière de résoudre le problème. | F10: Vous encouragez le groupe à résoudre le problème lui-même, et vous êtes disponible en cas de besoin pour en discuter.
A11: =A10-0.01 -> -10.03 | B11: Scénario n°3 : Vous envisagez un changement important dans le fonctionnement de l'établissement. | C11: Vous collaborez avec votre personnel pour définir les changements nécessaires. | D11: Vous annoncez votre vision des changements et vous appliquez un plan clairement établi. | E11: Vous demandez à votre personnel d'élaborer et mettre en œuvre son propre programme de changement. | F11: Vous consultez votre personnel, mais vous décidez vous-même des changements.
A12: =A11-0.01 -> -10.04 | B12: Scénario n°4 : Les performances de votre personnel sont en baisse ces derniers mois. | C12: Vous demandez à votre personnel de revoir ses orientations et ses objectifs et vous définissez un plan ensemble. | D12: Vous demandez à votre personnel de suggérer des mesures à prendre, et vous définissez un plan d'action pour atteindre les objectifs. | E12: Vous redéfinissez les objectifs clairement et vous les suivez de près. | F12: Vous laissez à votre personnel la liberté de définir ses propres objectifs, sans rien lui imposer.
A13: =A12-0.01 -> -10.05 | B13: Scénario n°5 : Votre personnel ne fait plus un bon travail d'équipe. | C13: Vous réfléchissez en groupe aux moyens de mieux travailler ensemble. | D13: Vous laissez votre personnel trouver des solutions tout seul. | E13: Vous agissez rapidement et fermement pour recadrer l'équipe. | F13: Vous vous rendez disponible pour discuter de tout problème éventuel et aider votre équipe à résoudre ses problèmes.

Sheet 11Autonomie
A1: =-11 -> -11 | B1: Autonomie
A2: PERSONNE INTERROGÉE : RESPONSABLE DE L'ÉTABLISSEMENT DE SANTÉ UNIQUEMENT
A4: CODE D'IDENTIFICATION DE LA PERSONNE INTERROGÉE DANS LA LISTE DU PERSONNEL
A6: Dans cette partie du questionnaire, je souhaiterais vous poser quelques questions concernant la manière dont le travail est organisé et dont les décisions sont prises dans cet établissement. Toutes les réponses sont confidentielles.
A7: Je vais maintenant vous lire une série d'affirmations sur le processus décisionnel et l'autorité dans cet établissement, et je voudrais que vous me disiez si vous estimez qu'elles sont justes la plupart du temps, plus de la moitié du temps, moins de la moitié du temps, rarement ou jamais. | J7: `
A8: MONTRER LES FICHES EN COULEUR NUMÉROTÉES ET DEMANDER À LA PERSONNE DE CHOISIR CELLE QUI CORRESPOND À SA RÉPONSE.
D9: CODAGE DES RÉPONSES
D10: TOUJOURS | G10: 1
D11: SOUVENT | G11: 2 | H11: NOTER LA RÉPONSE
D12: PARFOIS | G12: 3
D13: JAMAIS | G13: 4
A15: =A1-0.01 -> -11.01 | B15: J'arrive à allouer le budget de mon établissement en fonction des besoins. Il y a suffisamment de souplesse dans mon budget.
A16: =A15-0.01 -> -11.02 | B16: J'arrive à affecter les tâches et les activités au personnel de manière à atteindre les résultats que je veux dans l'établissement. Il y a suffisamment de souplesse pour employer le personnel de manière à répondre aux besoins.
A17: =A16-0.01 -> -11.03 | B17: Les services de santé du district appuient les décisions et les mesures que je prends pour améliorer le fonctionnement de mon établissement.
A18: =A17-0.01 -> -11.04 | B18: Je peux choisir qui j'affecte à telle ou telle tâche.
A19: =A18-0.01 -> -11.05 | B19: Je peux choisir quels services sont assurés dans l'établissement.
A20: =A19-0.01 -> -11.06 | B20: J'ai suffisamment de pouvoirs pour obtenir ce qu'il me faut (médicaments, fournitures, financements) pour répondre aux besoins de mon établissement.
A21: =A20-0.01 -> -11.07 | B21: Les politiques et les procédures établies sont claires.
A22: =A21-0.01 -> -11.08 | B22: Les politiques et les procédures établies sont des outils utiles pour résoudre les problèmes que je rencontre pour fournir les services et rendre compte des activités de l'établissement.
A23: =A22-0.01 -> -11.09 | B23: Les services de santé du district me fournissent un retour d'information suffisant sur mon travail et les performances de mon établissement.

Sheet 12 OBSERVA
A1: =-12 -> -12 | B1: Observation directe
A2: ENQUÊTEUR : IL N'Y A PAS DE PERSONNE À INTERROGER POUR CETTE PARTIE DU QUESTIONNAIRE. APRÈS EN AVOIR DEMANDÉ L'AUTORISATION, VOUS ALLEZ VOUS PROMENER DANS L'ÉTABLISSEMENT ET OBSERVER LES ASPECTS ÉTUDIÉS DANS CETTE PARTIE.
A3: (A) | B3: Généralités | H3: NOTER LA RÉPONSE
A4: =A1-0.01 -> -12.01 | B4: Y a-t-il une salle d'accueil/d'attente dans cet établissement ? ENQUÊTEUR : S'EN ASSURER PAR OBSERVATION DIRECTE. | C4: OUI | E4: 1
C5: NON | E5: 2
A6: =A4-0.01 -> -12.02 | B6: Y a-t-il une salle dans cet établissement où les consultations peuvent se dérouler sans que tout le monde voie et entende ce qui se passe ? ENQUÊTEUR : S'EN ASSURER PAR OBSERVATION DIRECTE. | C6: OUI | E6: 1
C7: NON | E7: 2
A8: =A6-0.01 -> -12.03 | B8: Y a-t-il une salle de petite chirurgie dans cet établissement ? ENQUÊTEUR : S'EN ASSURER PAR OBSERVATION DIRECTE. | C8: OUI | E8: 1
C9: NON | E9: 2
A10: =A8-0.01 -> -12.04 | B10: Y a-t-il des lits d'observation dans cet établissement ? ENQUÊTEUR : S'EN ASSURER PAR OBSERVATION DIRECTE. | C10: OUI | E10: 1
C11: NON | E11: 2 | F11: ► | G11: =A18 -> -12.09
A12: =A10-0.01 -> -12.05 | B12: ENQUÊTEUR : NOTER LE NOMBRE DE LITS D'OBSERVATION VUS. POUR ZÉRO, NOTER "0".
A14: =A12-0.01 -> -12.06 | B14: Y a-t-il des salles d'hospitalisation séparées pour les hommes et les femmes dans cet établissement ? ENQUÊTEUR : S'EN ASSURER PAR OBSERVATION DIRECTE. | C14: OUI | E14: 1
C15: NON | E15: 2 | F15: ► | G15: =A18 -> -12.09
A16: =A14-0.01 -> -12.07 | B16: Nombre de lits pour les hommes. ENQUÊTEUR : S'EN ASSURER PAR OBSERVATION DIRECTE.
A17: =A16-0.01 -> -12.08 | B17: Nombre de lits pour les femmes. ENQUÊTEUR : S'EN ASSURER PAR OBSERVATION DIRECTE.
A18: =A17-0.01 -> -12.09 | B18: Y a-t-il des toilettes en service accessibles aux patients ? ENQUÊTEUR : S'EN ASSURER PAR OBSERVATION DIRECTE. | C18: OUI | E18: 1
C19: NON | E19: 2
A20: =A18-0.01 -> -12.1 | B20: Y a-t-il des toilettes séparées pour les patients hommes et femmes ? ENQUÊTEUR : S'EN ASSURER PAR OBSERVATION DIRECTE. | C20: OUI | E20: 1
C21: NON | E21: 2
A22: =A20-0.01 -> -12.11 | B22: Y a-t-il des lits prévus pour les agents de santé qui font des gardes en dehors des horaires normaux, par ex. la nuit ? ENQUÊTEUR : S'EN ASSURER PAR OBSERVATION DIRECTE. | C22: OUI | E22: 1
C23: NON | E23: 2
A24: (B) | B24: Affichage des tarifs | H24: NOTER LA RÉPONSE
A25: =A22-0.01 -> -12.12 | B25: Y a-t-il dans l'établissement des écriteaux indiquant les tarifs des consultations externes ? ENQUÊTEUR : SI OUI, LES CHERCHER. | C25: OUI, VUE | E25: 1
C26: OUI, PAS VUE | E26: 2
C27: NON | E27: 3
A28: =A25-0.01 -> -12.13 | B28: Y a-t-il dans l'établissement des écriteaux indiquant les tarifs des analyses médicales pour les patients ? ENQUÊTEUR : SI OUI, LES CHERCHER. | C28: OUI, AFFICHÉS DE MANIÈRE VISIBLE | E28: 1
C29: OUI, PAS AFFICHÉS | E29: 2
C30: NON, PAS AFFICHÉS | E30: 3
A31: =A28-0.01 -> -12.14 | B31: Y a-t-il dans l'établissement des écriteaux indiquant les tarifs des examens radiologiques pour les patients ? ENQUÊTEUR : SI OUI, LES CHERCHER. | C31: OUI, AFFICHÉS DE MANIÈRE VISIBLE | E31: 1
C32: OUI, PAS AFFICHÉS | E32: 2
C33: NON, PAS AFFICHÉS | E33: 3
A34: =A31-0.01 -> -12.15 | B34: Y a-t-il dans l'établissement des écriteaux indiquant les tarifs des fournitures médicales pour les patients externes ? ENQUÊTEUR : SI OUI, LES CHERCHER. | C34: OUI, AFFICHÉS DE MANIÈRE VISIBLE | E34: 1
C35: OUI, PAS AFFICHÉS | E35: 2
C36: NON, PAS AFFICHÉS | E36: 3
A37: =A34-0.01 -> -12.16 | B37: Les informations suivantes sont-elles affichées de manière visible pour les patients ? | C37: a. | D37: Capacité hospitalière (nombre de lits)
B38: ENQUÊTEUR : POUR CHAQUE INFORMATION, DEMANDER À VOIR LES ÉCRITEAUX CORRESPONDANTS ET NOTER SELON LE CODAGE SUIVANT : | C38: b. | D38: Jours/horaires des services
C39: c. | D39: Rotation du personnel
B40: OUI ET VU………….1 | C40: d. | D40: Coordonnées du responsable
B41: OUI, PAS VU………..2 | C41: e. | D41: Procédure pour déposer une réclamation ou faire une suggestion
B42: NON………………….3 | C42: f. | D42: Autre, spécifier:
A43: (C) | B43: Protocoles nationaux | H43: NOTER LA RÉPONSE
A44: ENQUÊTEUR : DEMANDER AU RESPONSABLE DE L'ÉTABLISSEMENT OU À L'EMPLOYÉ LE MIEUX INFORMÉ DE VOIR LES PROTOCOLES DE SOINS CLINIQUES. POUR CHACUN DES ÉLÉMENTS SUIVANTS, NOTER SI VOUS AVEZ VU OU PAS VU LE PROTOCOLE, LES DIRECTIVES OU LES MATÉRIELS.
A45: =A37-0.01 -> -12.17 | B45: Matériel d'information des patients (matériel des campagnes d'information et d'éducation) | C45: VUES | E45: 1
C46: PAS VUES | E46: 2
A47: =A45-0.01 -> -12.18 | B47: Brochure ou poster sur la prise en charge intégrée des maladies de l'enfant (PCIME) | C47: VUES | E47: 1
C48: PAS VUES | E48: 2
A49: =A47-0.01 -> -12.19 | B49: Diagrammes de suivi de la croissance | C49: VUES | E49: 1
C50: PAS VUES | E50: 2
A51: =A49-0.01 -> -12.2 | B51: Protocole national sur le diagnostic et le traitement de la tuberculose | C51: VUES | E51: 1
C52: PAS VUES | E52: 2
A53: =A51-0.01 -> -12.21 | B53: Directives sur le système d'information sanitaire | C53: VUES | E53: 1
C54: PAS VUES | E54: 2
A55: =A53-0.01 -> -12.22 | B55: Données du système d'information sanitaire | C55: VUES | E55: 1
C56: PAS VUES | E56: 2
A57: =A55-0.01 -> -12.23 | B57: Protocole national sur le diagnostic et le traitement du paludisme (hors PCIME) | C57: VUES | E57: 1
C58: PAS VUES | E58: 2
A59: =A57-0.01 -> -12.24 | B59: Protocole national sur le diagnostic et le traitement de la diarrhée (hors PCIME) | C59: VUES | E59: 1
C60: PAS VUES | E60: 2
A61: =A59-0.01 -> -12.25 | B61: Protocole national sur la vaccination des enfants | C61: VUES | E61: 1
C62: PAS VUES | E62: 2
A63: =A61-0.01 -> -12.26 | B63: Protocole national sur les services de santé procréative/planification familiale | C63: VUES | E63: 1
C64: PAS VUES | E64: 2
A65: =A63-0.01 -> -12.27 | B65: Protocole national sur la réduction de la mortalité/morbidité liée aux avortements pratiqués dans de mauvaises conditions | C65: VUES | E65: 1
C66: PAS VUES | E66: 2
A67: =A65-0.01 -> -12.28 | B67: Normes nationales en matière de soins prénatals | C67: VUES | E67: 1
C68: PAS VUES | E68: 2
A69: =A67-0.01 -> -12.29 | B69: Prise en charge du travail et de l'accouchement | C69: VUES | E69: 1
C70: PAS VUES | E70: 2
A71: =A69-0.01 -> -12.3 | B71: Normes nationales en matière de soins aux nouveau-nés | C71: VUES | E71: 1
C72: PAS VUES | E72: 2
A73: =A71-0.01 -> -12.31 | B73: « Normes nationales après accouchement (post-partum) | C73: VUES | E73: 1
C74: PAS VUES | E74: 2
A75: =A73-0.01 -> -12.32 | B75: Normes nationales en matière d’hygiène (fiche affichée ou manuel) | C75: VUES | E75: 1
C76: PAS VUES | E76: 2
A77: =A75-0.01 -> -12.33 | B77: Directives relatives à la prise en charge des maladies sexuellement transmissibles (MST) | C77: VUES | E77: 1
C78: PAS VUES | E78: 2
A79: =A77-0.01 -> -12.34 | B79: Directives nationales relatives au conseil et au dépistage du VIH | C79: VUES | E79: 1
C80: PAS VUES | E80: 2
A81: =A79-0.01 -> -12.35 | B81: Directives relatives à la prévention de la transmission du VIH de la mère à l'enfant (PTVME) | C81: VUES | E81: 1
C82: PAS VUES | E82: 2
A83: =A81-0.01 -> -12.36 | B83: Directives relatives au traitement du VIH (traitement antirétroviral, ARV) | C83: VUES | E83: 1
C84: PAS VUES | E84: 2
A85: =A83-0.01 -> -12.37 | B85: Directives relatives au traitement du VIH chez les enfants et les nourrissons (traitement antirétroviral, ARV) | C85: VUES | E85: 1
C86: PAS VUES | E86: 2
A87: =A85-0.01 -> -12.38 | B87: Liste nationale des médicaments essentiels | C87: VUES | E87: 1
C88: PAS VUES | E88: 2
A89: =A87-0.01 -> -12.39 | B89: Protocole national sur les achats de médicaments | C89: VUES | E89: 1
C90: PAS VUES | E90: 2
A91: =A89-0.01 -> -12.4 | B91: Détection et signalement des effets indésirables des médicaments et des vaccins | C91: VUES | E91: 1
C92: PAS VUES | E92: 2
A93: =A91-0.01 -> -12.41 | B93: Stratégie nationale de santé | C93: VUES | E93: 1
C94: PAS VUES | E94: 2

Sheet 13 OBSEquipment
A1: =-13 -> -13 | B1: Matériel (observation directe)
A2: ENQUÊTEUR : IL N'Y A PAS DE PERSONNE À INTERROGER POUR CETTE PARTIE DU QUESTIONNAIRE. APRÈS EN AVOIR DEMANDÉ L'AUTORISATION, VOUS ALLEZ VOUS PROMENER DANS L'ÉTABLISSEMENT ET OBSERVER LES ASPECTS ÉTUDIÉS DANS CETTE PARTIE.
B3: Matériel général | G3: NOTER LA RÉPONSE
A4: =A1-0.01 -> -13.01 | B4: Où se trouve le matériel utilisé pour les consultations externes ? | C4: Dans une salle séparée de consultations externes | F4: 1
C5: Dans une pièce également utilisée pour d'autres activités | F5: 2
C6: Autre, spécifier: | F6: 96
A7: =A4-0.01 -> -13.02 | B7: NOTER LA QUANTITÉ POUR CHAQUE TYPE DE MATÉRIEL. NOTER "98" S'IL N'Y A PAS DE MATÉRIEL DISPONIBLE EN ÉTAT DE MARCHE | G7: QUANTITÉ DISPONIBLE ET EN ÉTAT DE MARCHE
A8: a. | B8: Chronomètre ou horloge avec trotteuse
A9: b. | B9: Pèse-personne pour enfant
A10: c. | B10: Toise
A11: d. | B11: Mètre-ruban
A12: e. | B12: Pèse-personne pour adulte
A13: f. | B13: Tensiomètre
A14: g. | B14: Thermomètre
A15: h. | B15: Stéthoscope
A16: i. | B16: Foetoscope
A17: j. | B17: Otoscope
A18: k. | B18: Appareil de succion/aspiration
A19: l. | B19: Échelle d'acuité visuelle
... A31: x. | B31: Solution antiseptique
A32: Matériel de stérilisation | G32: NOTER LA RÉPONSE
A33: =A7-0.01 -> -13.03 | B33: Où se trouve le matériel de stérilisation ? | C33: Dans un local de stérilisation séparé | F33: 1
C34: Dans une pièce également utilisée pour d'autres activités | F34: 2
C35: Autre, spécifier: | F35: 96
A36: =A33-0.01 -> -13.04 | B36: NOTER LA QUANTITÉ POUR CHAQUE TYPE DE MATÉRIEL. NOTER "98" S'IL N'Y A PAS DE MATÉRIEL DISPONIBLE EN ÉTAT DE MARCHE | G36: QUANTITÉ DISPONIBLE ET EN ÉTAT DE MARCHE
A37: a. | B37: Autoclave électrique (pression et chaleur humide)
A38: b. | B38: Autoclave non électrique (pression et chaleur humide)
A39: c. | B39: Stérilisateur électrique à chaleur sèche
A40: d. | B40: Bouilloire électrique ou étuvoir (pas de pression)
A41: e. | B41: Marmite (non électrique) avec couvercle
A42: f. | B42: Source de chaleur pour matériel non électrique
A43: g. | B43: Minuteur (PEUT ÊTRE SUR LE MATÉRIEL)
A44: h. | B44: Bandes de contrôle du temps, de la vapeur et de la température (TST) ou autres indicateurs de stérilisation
A45: Matériel de vaccination | G45: NOTER LA RÉPONSE
A46: =A36-0.01 -> -13.05 | B46: Où se trouve le matériel de vaccination ? (MATÉRIEL DE VACCINATION : RÉFRIGÉRATEUR À VACCINS À KÉROSÈNE OU ÉLECTRIQUE, CAISSE ISOTHERME, GLACIÈRE PORTE-VACCINS) | C46: Dans une salle de vaccination séparée | F46: 1
C47: Dans une pièce également utilisée pour d'autres activités | F47: 2
C48: Autre, spécifier: | F48: 96
A49: =A46-0.01 -> -13.06 | B49: NOTER LA QUANTITÉ POUR CHAQUE TYPE DE MATÉRIEL. NOTER "98" S'IL N'Y A PAS DE MATÉRIEL DISPONIBLE EN ÉTAT DE MARCHE | G49: QUANTITÉ DISPONIBLE ET EN ÉTAT DE MARCHE
A50: a. | B50: Thermomètre à vaccins
A51: b. | B51: Caisse isotherme/glacière porte-vaccins
A52: c. | B52: Blocs réfrigérants
A53: d. | B53: Réfrigérateur
A54: Matériel de soins prénatals | G54: NOTER LA RÉPONSE
A55: =A49-0.01 -> -13.07 | B55: Où se trouve le matériel de soins prénatals ? (MATÉRIEL DE SOINS PRÉNATALS : FOETOSCOPE, TENSIOMÈTRE, MÈTRE-RUBAN, PÈSE-PERSONNE POUR ADULTES) | C55: Dans une salle de soins prénatals séparée | F55: 1
C56: Dans une pièce également utilisée pour d'autres activités | F56: 2
C57: Autre, spécifier: | F57: 96
A58: =A55-0.01 -> -13.08 | B58: NOTER LA QUANTITÉ POUR CHAQUE TYPE DE MATÉRIEL. NOTER "98" S'IL N'Y A PAS DE MATÉRIEL DISPONIBLE EN ÉTAT DE MARCHE | G58: QUANTITÉ DISPONIBLE ET EN ÉTAT DE MARCHE
A59: a. | B59: Table/lit d'examen
A60: b. | B60: Foetoscope
A61: c. | B61: Tensiomètre
A62: d. | B62: Mètre-ruban
A63: e. | B63: Pèse-personne pour adulte
A64: Matériel d'accouchement et de soins néonatals | G64: NOTER LA RÉPONSE
A65: =A58-0.01 -> -13.09 | B65: Où se trouve le matériel d'accouchement et de soins néonatals ? | C65: Dans une salle d'accouchement/de soins postnatals séparée | F65: 1
C66: Dans une pièce également utilisée pour d'autres activités | F66: 2
C67: Autre, spécifier: | F67: 96
A68: =A65-0.01 -> -13.1 | B68: NOTER LA QUANTITÉ POUR CHAQUE TYPE DE MATÉRIEL. NOTER "98" S'IL N'Y A PAS DE MATÉRIEL DISPONIBLE EN ÉTAT DE MARCHE | G68: QUANTITÉ DISPONIBLE ET EN ÉTAT DE MARCHE
A69: a. | B69: Table/lit d'accouchement
A70: b. | B70: Partographe
A71: c. | B71: Lampe d'accouchement
A72: d. | B72: Poire d'aspiration
A73: e. | B73: Ballon insufflateur pour nouveau-né
A74: f. | B74: Collyre ou pommade ophtalmique pour nouveau-né
A75: g. | B75: Aiguilles
A76: h. | B76: Matériel de perfusion intraveineuse
A77: i. | B77: Solutions intraveineuses, notamment sérum physiologique et Ringer lactate
A78: j. | B78: Aiguilles ou canules intraveineuses
A79: k. | B79: Ciseaux
A80: l. | B80: Clamp de cordon ombilical, bande ombilicale stérile ou fil de ligature stérile
... A118: ax. | B118: Kit de réanimation du nouveau-né

Sheet 14OBSMedicament
A1: =-14 -> -14 | B1: Médicaments et vaccins : entreposage et disponibilité
A2: PERSONNE INTERROGÉE : PHARMACIEN, RESPONSABLE DE L'ÉTABLISSEMENT OU EMPLOYÉ LE MIEUX INFORMÉ
A3: J'aimerais maintenant vous poser quelques questions sur l'entreposage et la disponibilité des médicaments dans cet établissement.
A4: =A1-0.01 -> -14.01 | B4: Les entités suivantes sont-elles habilitées à acheter des médicaments et du matériel pour cet établissement ? | C4: a. | D4: Directeur / responsable de l'établissement de santé
C5: b. | D5: Personnel de l'établissement
B6: ENQUÊTEUR : LIRE À HAUTE VOIX LES RÉPONSES POSSIBLES. POUR CHACUNE D'ELLES, NOTER "1" POUR OUI, "2" POUR NON. | C6: c. | D6: Organisations non gouvernementales
C7: d. | D7: Autorités locales
C8: e. | D8: Gouvernement central
C9: f. | D9: Agents de santé communautaires
C10: g. | D10: Des membres de la communauté
C11: h. | D11: Comité sanitaire
C12: i. | D12: Autre, spécifier:
A13: =A4-0.01 -> -14.02 | B13: Pouvez-vous m'emmener à l'endroit où les médicaments sont entreposés dans cet établissement ? | C13: OUI, VUE | E13: 1
C14: OUI, PAS VUE | E14: 2
C15: NON, IL N'Y A PAS DE LIEU PARTICULIER | E15: 3 | F15: ► | G15: =#REF! -> #REF!
A16: =A13-0.01 -> -14.03 | B16: ENQUÊTEUR : EST-CE UN LOCAL SÉPARÉ DU RESTE DE L'ÉTABLISSEMENT ? | C16: OUI | G16: 1
C17: NON | G17: 2
A18: =A16-0.01 -> -14.04 | B18: Cette pharmacie sert-elle uniquement à entreposer et délivrer les médicaments, ou est-elle utilisée à d'autres usages ? | C18: Uniquement pour entreposer et délivrer les médicaments | G18: 1
C19: Utilisée aussi à d'autres usages | G19: 2
A20: =A18-0.01 -> -14.05 | B20: Les fenêtres et les portes peuvent-elles être verrouillées pour sécuriser la pharmacie ? | C20: OUI | G20: 1
C21: NON | G21: 2
A22: =A20-0.01 -> -14.06 | B22: ENQUÊTEUR : L'ENDROIT OÙ LES MÉDICAMENTS SONT ENTREPOSÉS A-T-IL L'AIR PROPRE, PARTIELLEMENT SALE, OU SALE ? | C22: PROPRE | G22: 1
C23: PARTIELLEMENT SALE | G23: 2
C24: SALE | G24: 3
A25: =A22-0.01 -> -14.07 | B25: ENQUÊTEUR : LE PLAFOND, LES MURS, LES SOLS ET LES FENÊTRES ONT-ILS L'AIR SECS ET SANS TRACES D'INFILTRATIONS D'EAU ? | C25: SECS, PAS DE TRACES D'INFILTRATIONS D'EAU | G25: 1
C26: SECS, MAIS IL Y A DES TRACES D'INFILTRATIONS D'EAU | G26: 2
C27: IL Y A DE L'HUMIDITÉ / DE L'EAU | G27: 3
A28: =A25-0.01 -> -14.08 | B28: ENQUÊTEUR : LES FENÊTRES SONT-ELLES OCCULTÉES POUR EMPÊCHER LE SOLEIL DE RENTRER ? | C28: FENÊTRES OCCULTÉES | G28: 1
C29: FENÊTRES NON OCCULTÉES | G29: 2
C30: PAS DE FENÊTRES | G30: 3
A31: =A28-0.01 -> -14.09 | B31: ENQUÊTEUR : LES MÉDICAMENTS SONT-ILS ENTREPOSÉS SUR UNE PLATEFORME SURÉLEVÉE ? | C31: OUI | G31: 1
C32: NON | G32: 2
A33: =A31-0.01 -> -14.1 | B33: La pharmacie tient-elle des fiches d'inventaire ou un registre des stocks ? ENQUÊTEUR : SI OUI, DEMANDER À VOIR LES FICHES OU LE REGISTRE. | C33: OUI, VUE | G33: 1
C34: OUI, PAS VUE | G34: 2
C35: NON | G35: 3
A36: Pour chaque medicament, repondez des questions 14.12 à 14.15
C37: =A33-0.01 -> -14.11 | D37: =C37-0.01 -> -14.12 | E37: =D37-0.01 -> -14.13 | F37: =E37-0.01 -> -14.14 | H37: =F37-0.01 -> -14.15
C38: Quel est le dosage du/de la [MÉDICAMENT] en stock ? | D38: Combien facturez-vous aux patients pour une dose de [MÉDICAMENT] en monnaie ? | E38: Quelle quantité de [MÉDICAMENT] est disponible en ce moment ? | F38: Au cours des 30 derniers jours, ce médicament a-t-il été en rupture de stock ? | H38: Au cours des 30 derniers jours, combien de jours ce médicament a-t-il été en rupture de stock ?
E39: ="IF NONE, RECORD 00 and ► "&TEXT(-H37,"(0.00)") -> IF NONE, RECORD 00 and ► (14.15) | F39: OUI | G39: 1
F40: NON | G40: 2
F41: ►MÉDICAMENT SUIVANT
A42: Médicaments généraux
A43: a. | B43: Tétracycline pommade ophtalmique 1%
A44: b. | B44: Paracétamol comprimés 500 mg
B45: Paracetamol sirop 125 mg/ 5 ml
B46: Ibuprofene en comprimes 400 mg
B47: Ibuprofene sirop 100 mg/ 5ml
A48: c. | B48: Amoxicilline en comprimés 500 mg
A49: d. | B49: Amoxicilline suspension 125 mg/ 5 ml
A50: e. | B50: Sels de réhydratation orale (SRO) poudre
A51: f. | B51: Fer comprimés 60 mg
A52: g. | B52: Acide folique comprime 5 mg
A53: h. | B53: Cotrimoxazole comprime 400 mg/ 80 mg
B54: Metronidazole comprime 500 mg
B55: Metronidazole suspension 125 mg/ 5 ml
A56: i. | B56: Vitamine A gellule 200, 000 UI
A57: j. | B57: Albendazole comprime 400 mg
A58: Planification familiale
A59: k. | B59: Préservatifs (masculins et féminins)
A60: l. | B60: Pilule contraceptive (levonogestrel) comprime 1,5 mg
A61: m. | B61: Medroxyprogesterone 150 mg/ ml
A62: n. | B62: Norplan
A63: o. | B63: Stérilet
A64: Paludisme
A65: p. | B65: Chloroquine comprimes 150 mg
A66: q. | B66: Primaquine comprime 15 mg
A67: r. | B67: Quinine injectable 300 mg/ ml
A68: s.
A69: Tuberculose
A70: t. | B70: Rifampine comprime 300 mg
A71: u. | B71: Streptomycine PPPI 1 g
A72: v. | B72: Isoniazide (INH) comprime 300 mg
A73: w. | B73: Pyrazinamide comprime 400 mg
A74: x. | B74: Éthambutol comprime 400 mg
A75: y. | B75: Comprimés combinés : RHEZ (4FDC) :
B76: Comprimes combines : RHE (3FDC)
B77: Comprimes combines : RH (2FDC)
A78: z. | B78: Kits de diagnostic | C78: 1 kit
A79: VIH/sida
A80: aa. | B80: Traitement de 1e intension : TDF + 3TC + EFV
A81: ab. | B81: Traitement de 1e intention : AZT + 3TC + EFV
A82: ac. | B82: Traitement de 1e intention : ABC + 3TC + EFV
B83: Traitement de 1e intension : TDF +3TC + AZT
A84: ad. | B84: Traitement de 2e intention : TDF + 3TC + ATV / r
A85: ae. | B85: Traitement de 2e intention : AZT + 3TC + ATV / r
A86: af. | B86: Traitement de 2e intention : TDF + 3TC + double LPV / r
A87: Soins obstétriques d'urgence
A88: ag. | B88: Sulfate de magnésium en injection 500 mg/ 10 ml
A89: ah. | B89: Injection de diazépam 10 mg/ ml
A90: ai. | B90: Misoprostol comprime 200 µg
A91: aj. | B91: Ocytocine injectable 10 UI
A92: Vaccins
A93: ak. | B93: Bacille Calmette-Guérin (BCG)
A94: al. | B94: Vaccin anti-polio (goutte orale)
A95: am. | B95: Vaccin anti-tétanique (injection)
A96: an.
A97: ao. | B97: Vaccin anti-hépatite B
A98: ap. | B98: Vaccin anti rougeole et rubeole
A99: aq. | B99: Vaccin anti-HiB
A100: ar. | B100: Vaccin pentavalent (DCT, hépatite B, Hemophilus influenzae B)
...

Sheet 15PopDesserte
A1: =-15 -> -15 | B1: Zone de couverture | H1: NOTER LA RÉPONSE
A2: PERSONNE INTERROGÉE : RESPONSABLE DE L'ÉTABLISSEMENT DE SANTÉ OU SON ADJOINT SI ABSENT OU INDISPONIBLE
A3: ENQUÊTEUR : VÉRIFIEZ LE REGISTRE DE L'ÉTABLISSEMENT.
A4: =A1-0.01 -> -15.01 | B4: Quelle est la population couverte par cet établissement ? | C4: Tableau de Bord de l’institution
C5: Rapport SIS
A6: =A4-0.01 -> -15.02 | B6: Veuillez donner la liste des villages/localites desservis par cet établissement. | D6: Nom | F6: Population | H6: Distance en km
C7: 1
C8: 2
C9: 3
C10: 4
C11: 5
C12: 6
C13: 7
C14: 8
C15: 9
C16: 10
C17: 11
C18: 12
... C26: 20
B28: MERCI DE VOTRE COOPÉRATION
